Cogmind - Beta 11 @@@ ROGUE MODE // 2022.06.06 @ 18:10:26 Player: tourn Result: Destroyed by G-73 Enforcer with Heavy Laser Performance ------------- Evolutions (8) 4000 Regions Visited (30) 6000 Robots Destroyed (588) 2940 Value Destroyed (32905) 32905 Prototype IDs (85) 1700 Alien Tech Used (13) 2600 Bonus (27645) 27645 TOTAL SCORE: 77790 Bonus ------- Triggered Max Security 1000 High Alert Combat Kills 6724 Follower Combat Kills 3084 Entered Garrisons 1800 Used RIF Installer 4500 Aligned with FarCom 300 Used Core Reset Matrix 3000 Scanned by Researcher 500 Pursued by Intercept 500 Acquired SGEMP 2000 Integrated Exoskeleton 5000 Friendly Fire -763 Cogmind --------- Core Integrity 0/1450 Matter 300/300 Energy 450/450 System Corruption 4% Temperature Cool (9) Movement Walking (30) Location -2/Section 7 Parts ------- > --- POWER (1) -------- Improved Quantum Reactor > --- PROPULSION (3) --- Sigix Exoskeleton > --- UTILITY (3) ------ Light Regenerative Plating Core Physics Calibrator > --- WEAPON (2) ------- Sigix Broadsword > --- INVENTORY (5) ---- Sigix Sheargun Sigix Sheargun Peak State ------------ > --- POWER ------------ Light Quantum Reactor Improved Quantum Reactor > --- PROPULSION ------- Myomer Leg Myomer Leg Myomer Leg Biometal Leg > --- UTILITY ---------- Huge Storage Unit Energy Well Spectral Analyzer Advanced Terrain Scan Processor Experimental Target Analyzer Experimental Core Analyzer Nanoactuators SHELL Armor Improved Force Field Relay Coupler [NC] Relay Coupler [ARC] > --- WEAPON ----------- Helical Railgun Sigix Broadsword > --- INVENTORY -------- Light Quantum Reactor Wheel Improved Energy Well Centrium Medium Armor Plating Light Regenerative Plating Relay Coupler [Brawler] Relay Coupler [Sentry] Relay Coupler [Demolisher] Improved Component Analysis Suite Advanced Dynamic Insulation System Transdimensional Reconstructor Integrity Redistributor Microwarp Drive Cooled Nova Cannon Null Cannon Core Cannon Mini Smartbomb Launcher Sigix Terminator Advanced Remote Datajack Portable AFG SGEMP Prototype [Rating: 197] Favorites ----------- Power Reinforced Deuterium Engine Engine Reinforced Deuterium Engine Power Core Reinforced Fission Core Reactor Light Quantum Reactor Propulsion Armored Wheel Treads Light Treads Leg Myomer Leg Wheel Armored Wheel Hover Unit Antigrav System Flight Unit Nuclear Pulse Thruster Utility Huge Storage Unit Device Advanced Heat Sink Storage Huge Storage Unit Processor Core Analyzer Hackware Relay Coupler [Swarmer] Protection Improved Medium Armor Plating Artifact Core Physics Calibrator Weapon Hypervelocity Coil Gun Energy Gun Heavy Laser Energy Cannon Advanced Plasma Cannon Ballistic Gun Hypervelocity Coil Gun Ballistic Cannon Tri-rail Accelerator Launcher Heavy Rocket Launcher Special Weapon Improved Remote Datajack Impact Weapon Hammer Slashing Weapon Sigix Broadsword Piercing Weapon Enhanced Force Lance Special Melee Weapon Advanced Datajack Build | -11 -10 -10 -10 -9 -8 -8 -8 -8 -8 -7 -7 -7 -7 -6 -6 -5 -5 -5 -5 -5 -5 -4 -4 -4 -4 -3 -3 -2 -2 -2 ------- Run | Scr Mat Min Exi Min Mat Gar Mat Sto Gar Fac Gar Fac Gar Fac Gar Fac Was Fac Gar Fac Gar Fac Gar Fac Gar Res Tes Res Qua Sec Slots Evolved 16 | . . . . . 4 . . . . 2 . . . 2 . 2 . . . . . 2 . . . 2 . 2 . . Power 1 | . . . . . . . . . . . . . . . . 1 . . . . . . . . . . . . . . Propulsion 2 | . . . . . 1 . . . . . . . . . . . . . . . . 1 . . . . . . . . Utility 12 | . . . . . 2 . . . . 2 . . . 2 . 1 . . . . . 1 . . . 2 . 2 . . Weapon 1 | . . . . . 1 . . . . . . . . . . . . . . . . . . . . . . . . . Parts Attached 785 | . 14 . . 6 35 37 17 1 12 8 28 53 23 46 28 22 . 19 21 8 8 36 37 2 12 65 90 21 54 82 Power 63 | . 1 . . . 2 7 . . . . 2 5 1 4 2 1 . 1 1 . . 1 4 . . 1 10 5 6 9 Engine 21 | . 1 . . . . 3 . . . . 1 5 1 3 1 . . 1 . . . . 1 . . . 2 . . 2 Core 14 | . . . . . 2 4 . . . . 1 . . 1 . . . . 1 . . . 3 . . . 2 . . . Reactor 28 | . . . . . . . . . . . . . . . 1 1 . . . . . 1 . . . 1 6 5 6 7 Propulsion 163 | . 6 . . 1 5 7 4 . 2 2 6 19 6 11 6 8 . 4 4 . . 5 12 . . 16 16 2 5 16 Treads 41 | . 3 . . 1 3 4 3 . 1 1 1 9 1 5 2 1 . . . . . . . . . 4 2 . . . Leg 8 | . . . . . . . . . . . . . . . . . . . . . . . . . . . 1 . . 7 Wheel 112 | . 3 . . . 2 3 1 . 1 1 5 10 5 6 4 6 . 3 4 . . 5 12 . . 12 13 2 5 9 Hover 1 | . . . . . . . . . . . . . . . . . . 1 . . . . . . . . . . . . Flight 1 | . . . . . . . . . . . . . . . . 1 . . . . . . . . . . . . . . Utility 273 | . 2 . . 1 10 7 5 . . 4 7 13 9 16 11 8 . 8 8 2 6 21 11 2 10 30 27 7 21 27 Device 108 | . . . . 1 . 5 2 . . 1 1 2 3 12 6 6 . 3 1 1 2 6 4 . 2 16 11 2 14 7 Storage 31 | . 1 . . . 2 . . . . 1 . 1 . . . . . . . . . . . . . . 9 3 5 9 Processor 21 | . . . . . 5 . 1 . . . . 1 . 1 . . . 2 . . . 3 . . . 1 2 . . 5 Hackware 51 | . . . . . . . . . . . 4 2 4 2 3 1 . 2 4 1 2 7 3 2 4 6 2 . 2 . Protection 61 | . 1 . . . 3 2 2 . . 2 2 7 2 1 2 1 . 1 3 . 2 5 4 . 4 7 3 2 . 5 Artifact 1 | . . . . . . . . . . . . . . . . . . . . . . . . . . . . . . 1 Weapon 286 | . 5 . . 4 18 16 8 1 10 2 13 16 7 15 9 5 . 6 8 6 2 9 10 . 2 18 37 7 22 30 Energy Gun 40 | . . . . . . 5 1 . 2 1 . 1 . 1 4 . . . 1 . . 5 4 . . 11 3 . . 1 Energy Cannon 62 | . . . . . . 1 . . . . 1 5 2 2 . 1 . 2 . . . . 2 . 1 2 18 5 9 11 Ballistic Gun 65 | . 4 . . 3 15 7 4 1 3 . 6 4 . 5 1 3 . 2 2 2 1 . . . . 1 . . . 1 Ballistic Cannon 6 | . . . . . . 2 . . . . . . 1 . . . . . 1 1 . . . . . . 1 . . . Launcher 24 | . 1 . . 1 1 1 2 . 3 . 1 3 1 2 1 . . . . . . . . . . . 2 . 2 3 Special Weapon 42 | . . . . . . . . . . . 4 2 2 2 2 1 . 2 3 3 1 3 2 . 1 2 5 1 3 3 Impact Weapon 4 | . . . . . 2 . 1 . . . . . . . . . . . . . . . . . . . 1 . . . Slashing Weapon 23 | . . . . . . . . . 2 1 1 1 1 3 1 . . . . . . . . . . . . . 5 8 Piercing Weapon 15 | . . . . . . . . . . . . . . . . . . . 1 . . . 2 . . 1 5 1 2 3 Special Melee Weapon 5 | . . . . . . . . . . . . . . . . . . . . . . 1 . . . 1 2 . 1 . Unidentified Prototypes 35 | . 1 . . . 1 . 2 . . . . 1 . 1 1 . . . . . . 1 . . . . 13 . 5 9 Parts Lost 153 | . . . . 1 2 13 3 . 1 . 4 15 4 11 10 1 . 3 3 . . 4 5 . 3 22 22 1 8 17 Power 24 | . . . . . 1 4 . . . . 1 1 1 1 . . . 1 1 . . . 2 . . 2 3 . 2 4 Propulsion 52 | . . . . . . 3 1 . . . 1 9 1 6 3 1 . 1 . . . 2 1 . . 5 11 . 1 6 Utility 48 | . . . . 1 . 1 1 . . . 1 2 2 3 4 . . 1 1 . . 2 1 . 2 9 6 1 5 5 Weapon 29 | . . . . . 1 5 1 . 1 . 1 3 . 1 3 . . . 1 . . . 1 . 1 6 2 . . 2 Highest Loss Streak 10 | . . . . 1 1 5 3 . 1 . 2 4 3 4 4 1 . 1 2 . . 3 4 . 3 10 9 1 2 3 To Critical Strikes 1 | . . . . . . . . . . . . . . . . . . . . . . . . . 1 . . . . . Average Slot Usage (%) 92 | . 96 100 100 98 99 96 99 100 100 97 99 98 98 98 93 92 94 94 97 89 88 96 98 100 99 90 77 84 85 78 Engine 4 | . 14 14 14 14 . 3 9 9 9 7 5 6 7 5 5 5 5 6 5 5 5 5 3 . . . . . . . Core 1 | . . . . . 8 3 . . . . 1 . . . . . . . 4 5 5 1 5 10 10 5 . . . . Reactor 2 | . . . . . . . . . . . . . . . . 2 5 3 . . . 3 1 . . 2 5 8 7 7 Treads 3 | . 22 14 14 14 9 22 9 9 9 4 3 3 3 2 4 5 . . . . . . . . . 2 . 1 . . Wheel 14 | . 4 14 14 14 18 4 17 18 18 17 18 18 19 17 10 9 17 15 17 17 17 20 20 21 21 13 11 13 16 11 Device 8 | . . . . 2 1 6 9 9 9 15 4 1 8 18 16 12 11 8 6 9 6 8 8 10 6 9 6 7 10 9 Storage 7 | . 14 14 14 14 9 9 9 9 9 7 7 7 7 6 6 5 5 5 5 5 5 5 5 5 5 4 11 9 9 4 Processor 8 | . . . . . 17 11 9 9 9 7 7 7 5 5 6 5 5 12 17 17 17 13 8 5 5 2 2 4 4 13 Hackware 13 | . . . . . . . . . . . 18 21 16 14 8 18 17 13 10 6 8 13 20 23 23 28 25 21 19 8 Protection 6 | . 10 14 14 10 7 8 8 9 9 12 7 6 5 6 11 5 5 5 7 5 5 8 6 6 10 4 . 6 6 7 Energy Gun 3 | . 2 . . . . 6 16 11 5 6 2 1 . 1 9 3 . . . . . 7 9 10 5 7 1 . . 1 Energy Cannon 2 | . . . . . . 1 . . . . 4 7 13 7 . . . 1 . . . . . . 4 3 1 3 3 . Ballistic Gun 6 | . 24 28 28 27 25 12 10 15 15 15 9 9 . 3 6 8 11 13 15 3 . . . . . . . . . 1 Special Weapon 1 | . . . . . . . . . . . 4 . 6 1 1 3 5 1 . 4 4 4 3 5 5 1 1 1 1 . Naked Turns . | . . . . . . . . . . . . . . . . . . . . . . . . . . . . . . . Heaviest Build 203 | 14 30 30 30 30 62 109 70 69 69 116 116 117 162 124 128 151 149 155 138 137 137 150 154 154 158 168 166 193 203 198 Greatest Support 140 | 20 40 12 12 12 24 60 28 28 28 40 40 60 42 48 60 60 36 42 42 36 36 52 52 52 52 140 64 56 68 123 Greatest Overweight (x) 31 | . 2 2 2 2 2 5 5 2 2 4 4 11 5 10 9 11 4 5 3 3 3 3 3 2 3 6 31 5 4 16 Average Overweight (x) 2 | . . 2 2 2 1 1 2 2 2 2 3 2 3 2 2 3 4 3 2 3 3 2 2 2 2 2 2 3 2 2 Largest Inventory Capacity 25 | . 15 15 15 15 20 20 20 20 20 25 25 25 25 25 25 25 25 25 25 25 25 25 25 25 25 25 25 25 25 25 Average Capacity 23 | . 14 15 15 15 17 20 20 20 20 23 25 25 25 25 25 25 25 25 25 25 25 25 25 25 25 25 24 25 25 23 Most Carried 25 | . 13 13 15 15 20 20 20 20 20 25 25 25 25 25 25 25 25 25 25 25 25 25 25 25 25 25 25 25 25 25 Average Carried 22 | . 8 13 13 14 16 18 19 20 19 23 24 23 24 24 24 24 25 24 24 24 24 24 23 25 23 24 21 24 24 22 Final Capacity 25 | 8 15 15 15 15 20 20 20 20 20 25 25 25 25 25 25 25 25 25 25 25 25 25 25 25 25 25 25 25 25 25 Final Carried 25 | 6 13 13 15 15 20 20 20 20 19 25 24 25 23 24 25 25 25 25 25 24 25 24 25 25 24 21 25 25 23 22 Class Distribution -------------------- 49% | Botlord-Mutant 7% | Bothacker-Mutant 6% | Scavenger-Gunner 6% | Botlord-Tank 5% | Gunner 5% | Botlord-Gladiator 5% | Mutant 4% | Botlord-Gunner 3% | Bothacker-Gunner Dominant Class ---------------- Mutant | -10/Materials Mutant | -10/Mines Mutant | -10/Exiles Mutant | -9/Mines Gunner | -8/Materials Scavenger-Gunner | -8/Garrison Scavenger-Gunner | -8/Materials Scavenger-Gunner | -8/Storage Scavenger-Mutant | -8/Garrison Bothacker-Tank | -7/Factory Bothacker-Mutant | -7/Garrison Bothacker-Gunner | -7/Factory Bothacker-Mutant | -7/Garrison Botlord-Mutant | -6/Factory Botlord-Tank | -6/Garrison Botlord-Mutant | -5/Factory Botlord-Mutant | -5/Waste Botlord-Mutant | -5/Factory Botlord-Mutant | -5/Garrison Botlord-Mutant | -5/Factory Botlord-Mutant | -5/Garrison Botlord-Mutant | -4/Factory Botlord-Mutant | -4/Garrison Botlord-Mutant | -4/Factory Botlord-Mutant | -4/Garrison Botlord-Mutant | -3/Research Botlord-Mutant | -3/Testing Botlord-Mutant | -2/Research Botlord-Mutant | -2/Quarantine Botlord-Gladiator | -2/Section 7 Resources | -11 -10 -10 -10 -9 -8 -8 -8 -8 -8 -7 -7 -7 -7 -6 -6 -5 -5 -5 -5 -5 -5 -4 -4 -4 -4 -3 -3 -2 -2 -2 ----------- Run | Scr Mat Min Exi Min Mat Gar Mat Sto Gar Fac Gar Fac Gar Fac Gar Fac Was Fac Gar Fac Gar Fac Gar Fac Gar Res Tes Res Qua Sec Matter Collected 15504 | 200 124 . . 368 1111 891 404 92 107 199 655 902 393 688 738 554 . 796 743 214 460 765 514 41 341 751 1017 502 612 1322 Remotely . | . . . . . . . . . . . . . . . . . . . . . . . . . . . . . . . Salvage Created 28490 | . 284 . . 683 1831 1286 1508 142 330 403 663 1609 581 1259 1099 546 . 588 1197 32 745 752 931 74 399 1936 2631 919 1318 4744 Parts 1282 | . 12 . . 49 107 64 79 9 22 20 18 79 15 76 35 33 . 32 54 2 21 29 35 1 6 74 126 47 69 168 Haulers Intercepted 10 | . . . . . 4 . 1 . . 1 . 3 . . . . . . . . . . . . . . . . . 1 Recyclers Shooed 30 | . . . . 1 1 . . . . . . . . 3 . 2 . 3 . . . . . . . 5 10 2 2 1 Parts Field Recycled . | . . . . . . . . . . . . . . . . . . . . . . . . . . . . . . . Retrieved Matter . | . . . . . . . . . . . . . . . . . . . . . . . . . . . . . . . Parts Self-Destructed . | . . . . . . . . . . . . . . . . . . . . . . . . . . . . . . . Prevented . | . . . . . . . . . . . . . . . . . . . . . . . . . . . . . . . Kills | -11 -10 -10 -10 -9 -8 -8 -8 -8 -8 -7 -7 -7 -7 -6 -6 -5 -5 -5 -5 -5 -5 -4 -4 -4 -4 -3 -3 -2 -2 -2 ------- Run | Scr Mat Min Exi Min Mat Gar Mat Sto Gar Fac Gar Fac Gar Fac Gar Fac Was Fac Gar Fac Gar Fac Gar Fac Gar Res Tes Res Qua Sec Combat Hostiles Destroyed 462 | . 7 . . 14 32 29 27 3 12 5 13 28 10 25 20 4 . 5 13 2 19 11 11 1 9 22 28 9 18 85 Melee 51 | . . . . . . . . . . . . . . . . . . . . . . . . . . 2 . 3 6 40 Guns 201 | . 4 . . 11 31 13 24 3 1 5 9 11 . 4 15 4 . 5 13 . . 9 11 1 3 14 1 . . 9 Cannons 94 | . . . . . . 11 . . . . . 6 10 9 . . . . . 2 18 1 . . 5 4 13 4 7 4 AOE 105 | . 3 . . 3 1 5 3 . 11 . 3 7 . 12 5 . . . . . 1 . . . 1 . 12 1 5 32 Classes Destroyed 25 | . 4 . . 2 5 1 2 . . 1 1 3 . 1 . . . . . . . . . . . . 3 . . 2 Worker 32 | . . . . 1 1 . . . . 1 . 2 . 4 . . . . . . . . . . . 1 8 3 4 7 Builder 27 | . . . . . . . . . . . . 7 . 5 . 2 . 1 . . . . . . . 1 5 1 3 2 Tunneler 6 | . 1 . . 1 . . . . . . . 1 . . . 2 . . . . . . . . . . . 1 . . Hauler 10 | . . . . . 4 . 1 . . 1 . 3 . . . . . . . . . . . . . . . . . 1 Recycler 34 | . 1 . . 4 2 . 1 . . 1 . 3 . 3 . 1 . 2 . . . 1 . . . 3 7 4 1 . Mechanic 2 | . . . . . . . . . . . . . . 1 . . . . . . . . . . . . . . . 1 Operator 5 | . . . . . 2 . 2 . . . . . . . . . . . . . . . . . . . . . . 1 Watcher 9 | . . . . . 2 . 1 . . . . 2 . . . . . . . . . 1 . . . . . 1 1 1 Swarmer 77 | . 3 . . 7 7 4 3 . 11 . 1 . 2 13 3 . . 1 . . 6 1 4 . 5 2 . . . 4 Cutter 8 | . . . . . . . . . . . 3 . . . . . . . . . . . . . . . . . . 5 Saboteur 2 | . . . . . . . . . . . . . . . . . . . . . . . . . . . . . . 2 Grunt 178 | . 4 . . 5 16 14 12 3 . 3 2 9 3 7 17 2 . 1 10 . 13 . 1 1 2 4 13 . 9 27 Brawler 18 | . . . . 2 1 3 . . . . 2 . 1 . . 1 . . 1 . 1 . . . . . . . 1 5 Duelist 12 | . . . . . 1 . . . . 1 1 . . 1 1 . . . . . . . . . . 1 . . . 6 Protector 5 | . . . . . . . . . . . . 2 . . . . . . . . . . . . . . . . . 3 Researcher 4 | . . . . . . . . . . . . . . . . . . . . . . . . . . . 2 . 1 1 Sentry 46 | . . . . . 7 7 9 . 1 . 4 2 3 1 . . . . . . . 2 3 . 2 2 . 2 . 1 Specialist 6 | . . . . . . . 2 . . . . 4 . . . . . . . . . . . . . . . . . . Hunter 20 | . . . . . . . 1 . . . . 4 . . . 1 . . 2 2 . 1 2 . . 1 . 1 . 5 Programmer 73 | . . . . . . . . . . 1 . 5 1 2 . . . 3 . . . 6 1 . . 13 12 6 7 16 Heavy 3 | . . . . . . . . . . . . 2 . 1 . . . . . . . . . . . . . . . . Behemoth 2 | . . . . . . 1 . . . . . . . . . . . . . . . 1 . . . . . . . . Tracker 2 | . . . . . . . . . . . . . . . . . . . . . . . . . . . . . . 2 Combat Programmer 2 | . . . . . . . . . . . . . . . . . . . . . . . . . . . . . . 2 Investigator 1 | . . . . . . . . . . . . . . . . . . . . . . . . . . . . . . 1 Striker 2 | . . . . . . . . . . . . . . . . . . . . . . . . . . . 2 . . . Executioner 5 | . . . . . . . . . . . . . . . . . . . . . . . . . . . . . . 5 Alpha 7 4 | . . . . . . . . . . . . . . . . . . . . . . . . . . . 1 . 1 2 Best Kill Streak 23 | . 4 . . 5 5 9 5 3 7 4 3 12 10 8 6 3 . 2 6 1 6 3 2 1 2 3 7 7 8 23 Combat Bots Only 21 | . 3 . . 4 5 9 4 3 7 4 3 9 10 6 6 3 . 1 6 1 6 3 2 1 2 2 6 2 7 21 Max Kills in Single Turn 23 | . 2 . . 2 2 2 3 1 2 2 2 6 1 3 4 1 . 1 2 1 1 1 1 1 1 1 5 1 2 23 Gunslinging 1 | . . . . . . 1 . . . 1 . . . . . . . . 1 . . . . . . . . . . . Exploded 21 | . 2 . . 2 1 2 3 . 2 . 2 3 . 3 4 . . . . . 1 . . . 1 . 3 1 1 21 Melee 1 | . . . . . . . . . . . . . . . . . . . . . . . . . . 1 . 1 1 1 Uniques/NPCs Destroyed . | . . . . . . . . . . . . . . . . . . . . . . . . . . . . . . . Combat | -11 -10 -10 -10 -9 -8 -8 -8 -8 -8 -7 -7 -7 -7 -6 -6 -5 -5 -5 -5 -5 -5 -4 -4 -4 -4 -3 -3 -2 -2 -2 -------- Run | Scr Mat Min Exi Min Mat Gar Mat Sto Gar Fac Gar Fac Gar Fac Gar Fac Was Fac Gar Fac Gar Fac Gar Fac Gar Res Tes Res Qua Sec Damage Taken 39725 | . 196 . . 403 1172 1759 947 118 284 251 929 2753 1282 1930 1746 540 . 983 357 168 663 1098 1332 12 738 4813 2743 1532 3215 7761 Core 4647 | . 62 . . 42 103 247 93 . 44 29 124 324 187 272 295 12 . 47 18 . 89 152 146 . 29 687 434 67 220 924 Absorbed by Shields 8156 | . . . . . . . . . . . . . 44 140 16 105 . 282 96 33 12 672 41 3 67 668 123 310 1123 4421 Reduced by Siege Mode 76 | . . . . . . . . . . . . . . . . . . . . . . . . . . 76 . . . . Redirected to Shielding 52 | . 3 . . 49 . . . . . . . . . . . . . . . . . . . . . . . . . . Regen/Repaired (Parts) 7324 | . . . . . . . . . . 96 . 100 . . . . . . . . . . . . . . . 1043 1897 4188 Core Remaining (%) 46 | 100 . . . 58 . . . . 11 . . . 5 . 33 . . . . . 83 . . . 71 . 13 . . . Volleys Fired 1505 | . 15 . 1 33 92 68 54 6 10 15 60 95 55 76 69 37 5 53 51 15 50 80 57 7 69 124 126 46 48 88 Largest 3 | . 2 . 1 2 3 3 3 3 3 3 3 3 2 3 3 3 1 3 3 1 2 3 3 2 2 3 2 1 2 2 Hottest 350 | . 60 . 23 47 74 155 175 155 103 103 151 170 128 216 168 184 7 105 105 60 88 200 217 112 129 287 294 200 350 300 Shots Fired 2740 | . 27 . 1 64 242 194 143 17 12 45 86 208 92 126 155 80 5 105 95 15 50 132 105 10 106 277 131 46 51 120 Gun 1806 | . 24 . 1 62 242 145 141 17 4 45 49 103 . 44 141 66 . 84 77 . 1 86 82 6 53 198 74 . . 61 Cannon 618 | . . . . . . 45 . . . . 14 90 56 61 . 3 . 10 1 9 42 12 8 . 30 66 35 43 44 49 Launcher 48 | . 3 . . 2 . 4 2 . 8 . 3 7 . 7 3 . . . . . . . . . . . 2 . 1 6 Special 268 | . . . . . . . . . . . 20 8 36 14 11 11 5 11 17 6 7 34 15 4 23 13 20 3 6 4 Kinetic 1074 | . 16 . 1 62 242 138 57 8 3 30 38 69 27 35 61 56 . 84 77 9 43 12 . . . . . . . 6 Thermal 1266 | . . . . . . 33 84 9 1 15 25 124 29 70 80 13 . 10 1 . . 86 90 6 83 262 108 43 44 50 Explosive 47 | . 3 . . 2 . 4 2 . 8 . 3 7 . 7 3 . . . . . . . . . . . 2 . 1 5 Electromagnetic 30 | . 8 . . . . 19 . . . . . . . . . . . . . . . . . . . 2 1 . . . Slashing 55 | . . . . . . . . . . . . . . . . . . . . . . . . . . . . . . 55 Robot Hit Streak 39 | . 7 . . 14 39 19 16 7 9 13 15 22 10 10 14 8 7 10 13 20 6 22 14 10 13 13 9 4 5 13 Robot Miss Streak 8 | . 2 . . 2 5 2 3 2 1 2 3 4 2 3 4 5 . 8 2 2 5 3 3 1 3 7 4 3 5 6 Penetration Max 2 | . . . . . . . . . . . . . . . . 2 . 1 . . . . . . . . . 1 . 1 Secondary Targets 19 | . 1 . . 2 2 4 1 . . 1 . . . . 2 . . . 3 . . . 2 . . . . . . 1 Max Gunslinging Chain 1 | . 1 . . 1 1 1 1 . . 1 . . . . 1 . . . 1 . . . 1 . . . . . . 1 Autonomous 37 | . . . . . . 10 . . . . . . 27 . . . . . . . . . . . . . . . . . Shots Hit Robots 2031 | . 18 . . 45 168 143 85 9 18 29 71 154 77 75 111 44 5 54 68 15 40 96 77 9 60 179 91 34 59 197 Core Hits 1032 | . 13 . . 25 78 67 52 6 15 14 53 96 16 72 62 22 . 24 28 5 32 30 34 3 21 53 56 14 30 111 Critical Kills 42 | . . . . . . . 1 . . . 1 2 . . . 6 . 6 13 . . . . . . . 9 3 . 1 Critical Parts Destroyed 30 | . . . . . 2 . . . . . . . . . . 6 . 6 8 . . . . . . . 5 . 3 . Critical Strikes 149 | . . . . . 2 2 4 1 1 . 3 2 5 1 1 12 . 12 25 1 13 5 4 1 5 5 16 4 6 18 Burn 24 | . . . . . . 1 3 1 . . . . . 1 1 . . . . . . 3 4 1 5 4 . . . . Meltdown 8 | . . . . . . . . . . . 1 2 . . . . . . . . . . . . . . 2 3 . . Destroy 67 | . . . . . 2 . 1 . . . . . . . . 12 . 12 22 . . . . . . . 12 . 5 1 Blast 20 | . . . . . . 1 . . . . . . 3 . . . . . . 1 13 2 . . . . . . . . Sever 23 | . . . . . . . . . 1 . 2 . 2 . . . . . . . . . . . . . . . 1 17 Impale 7 | . . . . . . . . . . . . . . . . . . . 3 . . . . . . 1 2 1 . . Melee Attacks 401 | . . . . . 10 . 6 . 11 1 6 11 17 6 4 . . . 11 . . 1 15 . . 15 25 23 53 186 Impact 16 | . . . . . 10 . 6 . . . . . . . . . . . . . . . . . . . . . . . Slashing 281 | . . . . . . . . . 11 1 6 11 17 6 4 . . . . . . . . . . . . . 45 180 Piercing 100 | . . . . . . . . . . . . . . . . . . . 11 . . . 15 . . 14 24 23 7 6 Sneak Attacks 43 | . . . . . . . . . . . . 5 . 2 . . . . . . . . . . . 2 7 5 12 10 Combat Hostiles . | . . . . . . . . . . . . . . . . . . . . . . . . . . . . . . . Follow-up Attacks . | . . . . . . . . . . . . . . . . . . . . . . . . . . . . . . . Damage Inflicted 99190 | . 505 . . 869 2799 3936 1893 173 1101 517 1684 5870 3242 3307 2710 519 . 538 921 347 1655 2462 2240 128 1247 5512 6859 3375 7212 37569 Guns 26196 | . 246 . . 693 2599 1924 1779 173 20 517 724 1937 . 606 1924 431 . 388 332 . . 1638 1199 128 712 4154 1572 . . 2500 Cannons 19823 | . . . . . . 1496 . . . . 269 2144 2325 1289 . 88 . 36 . 347 1655 824 235 . 535 982 2333 1676 2043 1546 Explosions 33774 | . 259 . . 176 200 516 114 . 560 . 393 1442 . 1236 640 . . 114 . . . . . . . . 2342 902 1756 23124 Melee 19288 | . . . . . . . . . 521 . 298 347 897 173 146 . . . 589 . . . 791 . . 376 599 797 3413 10341 Ramming 109 | . . . . . . . . . . . . . 20 3 . . . . . . . . 15 . . . 13 . . 58 Kinetic 15486 | . 149 . . 693 2599 2602 431 49 . 319 626 1008 1843 436 867 291 . 388 332 347 1655 824 . . . . . . . 27 Thermal 55206 | . 44 . . . . 696 1348 124 20 198 367 3073 482 1459 1057 228 . 150 . . . 1638 1434 128 1247 5136 6040 2578 3745 24014 Explosive 6186 | . 215 . . 176 200 329 114 . 560 . 393 1442 . 1200 640 . . . . . . . . . . . 207 . 54 656 Electromagnetic 442 | . 97 . . . . 309 . . . . . . . 36 . . . . . . . . . . . . . . . . Impact . | . . . . . . . . . . . . . . . . . . . . . . . . . . . . . . . Slashing 18427 | . . . . . . . . . 521 . 298 347 897 173 146 . . . . . . . . . . . . . 3315 12730 Piercing 3334 | . . . . . . . . . . . . . . . . . . . 589 . . . 791 . . 376 599 797 98 84 Highest Corruption 34 | . . . . . . 3 3 3 3 . . 2 4 10 10 2 . 3 3 3 3 10 12 12 12 22 31 7 17 34 Average Corruption 9 | . . . . . . 3 3 3 3 . . 1 3 1 10 1 . 2 3 3 3 5 11 12 12 5 27 6 8 20 Corruption Purged 19 | . . . . . . . . . . . . . . . . 2 . . . . . . . . . 10 . . 7 . Corruption Blocked 33 | . . . . . . . . . . . . . . . . . . . . . . . . . . . 15 . 18 . Effects 662 | . . . . . . 14 24 2 3 . . 8 23 9 56 . . 7 20 4 15 26 40 1 43 41 113 23 53 137 Message Errors 157 | . . . . . . 5 10 . 1 . . 3 9 3 11 . . 3 3 3 3 3 12 . 7 7 24 4 13 33 Matter Fused 148 | . . . . . . 3 5 . . . . 1 5 4 14 . . 2 9 . 4 8 8 . 9 6 25 6 11 28 Heat Flow Errors 75 | . . . . . . . 1 . . . . 1 3 1 8 . . 1 3 . 3 3 7 1 5 6 10 3 5 14 Energy Discharges 79 | . . . . . . 3 2 1 2 . . 1 . . 3 . . . 1 . 2 3 2 . 8 4 14 1 8 24 Parts Rejected 11 | . . . . . . . . . . . . . . . 2 . . . . . 1 1 . . . 1 1 1 2 2 Data Loss (minor) 85 | . . . . . . . 1 . . . . 1 3 . 9 . . 1 2 . . 1 5 . 6 6 20 3 9 18 Data Loss (major) 20 | . . . . . . 1 . . . . . . . . 1 . . . 1 1 1 1 3 . 1 1 3 2 1 3 Misfires 19 | . . . . . . 1 . 1 . . . . 1 1 1 . . . . . . 2 . . 3 3 2 1 . 3 Alerts 28 | . . . . . . 1 2 . . . . 1 1 . 2 . . . 1 . . 1 2 . 1 1 8 1 . 6 Misdirections 14 | . . . . . . . . . . . . . . . 1 . . . . . . . . . 1 2 1 . 3 6 Weapon Failures 26 | . . . . . . . 3 . . . . . 1 . 4 . . . . . 1 3 1 . 2 4 5 1 1 . Overload Shots 33 | . . . . . . . . . . . . 21 . 6 . . . . . . . . . . . . . 1 5 . Effects 6 | . . . . . . . . . . . . 5 . . . . . . . . . . . . . . . . 1 . Energy Bleed 3 | . . . . . . . . . . . . 3 . . . . . . . . . . . . . . . . . . Heat Surge 2 | . . . . . . . . . . . . 2 . . . . . . . . . . . . . . . . . . Short Circuit 1 | . . . . . . . . . . . . . . . . . . . . . . . . . . . . . 1 . Overflow Damage 8193 | . 33 . . . . 89 3 . 58 . 24 248 384 270 . . . 85 146 . 22 10 . . 21 177 1318 965 1269 3071 Projectiles 2465 | . . . . . . 80 . . . . . 125 348 85 . . . 1 . . 22 10 . . 21 87 631 537 335 183 Explosions 3367 | . 33 . . . . 9 3 . 58 . 24 44 . 153 . . . 84 . . . . . . . . 483 306 219 1951 Melee 2361 | . . . . . . . . . . . . 79 36 32 . . . . 146 . . . . . . 90 204 122 715 937 Knockbacks 19 | . . . . . . . . . . . . . 6 . . . . . . 1 10 2 . . . . . . . . Impact . | . . . . . . . . . . . . . . . . . . . . . . . . . . . . . . . Kinetic 17 | . . . . . . . . . . . . . 5 . . . . . . 1 9 2 . . . . . . . . Secondary 2 | . . . . . . . . . . . . . 1 . . . . . . . 1 . . . . . . . . . Self-Inflicted Damage 1975 | . 29 . . 76 114 32 . . 116 . 143 21 10 246 . . . 171 . . . . 7 . . . 602 70 108 230 Shots 35 | . 1 . . 2 2 1 . . 4 . 3 1 . 5 . . . 2 . . . . . . . . 7 1 1 5 Rammed 6 | . . . . . . . . . . . . . 1 2 . . . . . . . . 1 . . . 1 . . 1 Targets Rammed 7 | . . . . . . . . . . . . . 1 2 . . . . . . . . 1 . . . 1 . . 2 Kicked 1 | . . . . . . . . . . . . . . . . . . . . . . . . . . . . . . 1 Crushed . | . . . . . . . . . . . . . . . . . . . . . . . . . . . . . . . Highest Temperature 629 | . 66 . . 9 138 406 414 237 30 65 258 378 198 195 192 312 . 351 324 . 293 349 285 68 311 629 417 458 265 379 Average Temperature 99 | . 39 . . 2 23 93 131 115 22 28 90 124 88 83 35 57 . 107 150 . 85 99 115 48 84 115 71 127 89 124 Received Heat Transfer 6067 | . 90 . . 129 558 642 432 54 . 117 207 438 238 297 754 68 . 56 104 9 264 65 60 . 71 254 205 39 244 672 Effects 40 | . . . . . . 4 4 3 . . 3 4 . . . . . 4 . . . . . . 1 6 2 3 . 6 Shutdowns 8 | . . . . . . . 1 . . . . . . . . . . . . . . . . . . 2 2 1 . 2 Energy Bleed 11 | . . . . . . . 3 . . . . 1 . . . . . 1 . . . . . . . 1 . 2 . 3 Interference 14 | . . . . . . 3 . 3 . . 3 1 . . . . . 3 . . . . . . 1 . . . . . Short Circuit 2 | . . . . . . 1 . . . . . 1 . . . . . . . . . . . . . . . . . . Damage (minor) 3 | . . . . . . . . . . . . 1 . . . . . . . . . . . . . 1 . . . 1 Damage (major) 2 | . . . . . . . . . . . . . . . . . . . . . . . . . . 2 . . . . Siege Activations 6 | . . . . . . . . . . . . . . . . . . . . . . . . . . 6 . . . . Total Turns 74 | . . . . . . . . . . . . . . . . . . . . . . . . . . 74 . . . . Longest Duration 20 | . . . . . . . . . . . . . . . . . . . . . . . . . . 20 . . . . Robots Corrupted . | . . . . . . . . . . . . . . . . . . . . . . . . . . . . . . . Combat Hostiles . | . . . . . . . . . . . . . . . . . . . . . . . . . . . . . . . Parts Fried . | . . . . . . . . . . . . . . . . . . . . . . . . . . . . . . . Impact Corruptions . | . . . . . . . . . . . . . . . . . . . . . . . . . . . . . . . Robots Melted 14 | . . . . . . 1 . . . . 1 4 . . . . . . . . . 1 . . . 2 2 3 . . Combat Hostiles 11 | . . . . . . . . . . . 1 4 . . . . . . . . . 1 . . . 2 2 1 . . Parts Melted 93 | . . . . . . 4 7 . . . 6 10 . 1 4 . . . . . . 8 3 . 1 32 11 5 . 1 Heat Transferred 40931 | . 50 . . . . 1163 3300 348 37 370 585 4540 696 2129 2146 333 . 87 . . . 2643 2531 285 2093 6568 4777 1630 2363 2257 Parts Sabotaged . | . . . . . . . . . . . . . . . . . . . . . . . . . . . . . . . Parts Stolen . | . . . . . . . . . . . . . . . . . . . . . . . . . . . . . . . Parts Stripped . | . . . . . . . . . . . . . . . . . . . . . . . . . . . . . . . Power Chain Reactions 4 | . 1 . . . . 2 . . . . . . . 1 . . . . . . . . . . . . . . . . Missiles Intercepted . | . . . . . . . . . . . . . . . . . . . . . . . . . . . . . . . Alert | -11 -10 -10 -10 -9 -8 -8 -8 -8 -8 -7 -7 -7 -7 -6 -6 -5 -5 -5 -5 -5 -5 -4 -4 -4 -4 -3 -3 -2 -2 -2 ------- Run | Scr Mat Min Exi Min Mat Gar Mat Sto Gar Fac Gar Fac Gar Fac Gar Fac Was Fac Gar Fac Gar Fac Gar Fac Gar Res Tes Res Qua Sec Peak Influence 3780 | . 267 103 . 252 671 1147 696 377 547 391 877 766 1149 593 781 411 38 291 558 447 810 511 797 468 640 358 449 414 591 3780 Initial 592 | . . 103 . . 98 299 559 292 245 287 177 459 501 592 309 409 38 26 160 292 280 424 234 417 326 358 30 96 170 123 Average 459 | . 145 103 . 195 402 894 485 337 430 287 453 535 980 467 560 213 38 103 417 352 623 403 596 449 467 116 164 234 312 837 Maximum Alert Level 5 | . 1 . . 1 2 4 2 1 2 1 3 3 4 2 3 2 . 1 2 2 3 2 3 2 2 1 2 2 2 5 Low Security (%) 20 | . 56 100 . 28 5 . . . . 11 1 . . . . 50 100 80 3 . . . . . . 82 68 41 14 5 Level 1 28 | . 43 . . 71 39 5 36 100 58 88 49 15 . 27 22 44 . 19 38 66 11 40 15 . 21 17 24 54 70 10 Level 2 29 | . . . . . 55 13 63 . 41 . 31 67 11 72 41 5 . . 58 33 49 59 57 100 78 . 7 4 14 17 Level 3 16 | . . . . . . 68 . . . . 17 17 51 . 36 . . . . . 39 . 26 . . . . . . 57 Level 4 2 | . . . . . . 12 . . . . . . 37 . . . . . . . . . . . . . . . . . Level 5 . | . . . . . . . . . . . . . . . . . . . . . . . . . . . . . . . High Security . | . . . . . . . . . . . . . . . . . . . . . . . . . . . . . . . Max Security . | . . . . . . . . . . . . . . . . . . . . . . . . . . . . . . 8 Squads Dispatched 102 | . 1 . . . 2 . 3 1 . . . 12 . 8 . 2 . 4 . 1 . 3 . . . 9 5 3 8 40 Investigation 3 | . 1 . . . . . . . . . . 2 . . . . . . . . . . . . . . . . . . Extermination 30 | . . . . . . . . . . . . 3 . 2 . 1 . 3 . . . 2 . . . 4 4 2 3 6 Reinforcement 39 | . . . . . 2 . 3 1 . . . 7 . 4 . 1 . 1 . 1 . 1 . . . 4 1 1 5 7 Assault 26 | . . . . . . . . . . . . . . 2 . . . . . . . . . . . . . . . 24 Garrison 1 | . . . . . . . . . . . . . . . . . . . . . . . . . . 1 . . . . Intercept 3 | . . . . . . . . . . . . . . . . . . . . . . . . . . . . . . 3 Searches Triggered . | . . . . . . . . . . . . . . . . . . . . . . . . . . . . . . . Construction Impeded 4 | . . . . . . . . . . . . 2 . . . . . . . . . . . . . 1 . . 1 . Haulers Reinforced 2 | . . . . . . . . . . . . 1 . . . . . . . 1 . . . . . . . . . . Active Scanning Responses . | . . . . . . . . . . . . . . . . . . . . . . . . . . . . . . . Cargo Convoy Interrupts 2 | . . . . . . . . . . . . 1 . 1 . . . . . . . . . . . . . . . . Stealth | -11 -10 -10 -10 -9 -8 -8 -8 -8 -8 -7 -7 -7 -7 -6 -6 -5 -5 -5 -5 -5 -5 -4 -4 -4 -4 -3 -3 -2 -2 -2 --------- Run | Scr Mat Min Exi Min Mat Gar Mat Sto Gar Fac Gar Fac Gar Fac Gar Fac Was Fac Gar Fac Gar Fac Gar Fac Gar Res Tes Res Qua Sec Distress Signals 23 | . 2 . . . 5 . 6 . . . . 4 . 1 . . . . . . . 1 . . . 2 . . . 2 Communications Jammed 234 | . . . . . . . . . . . . . . . . 1 . . . . . 4 . . . 13 13 13 7 183 Distress Signals 233 | . . . . . . . . . . . . . . . . 1 . . . . . 3 . . . 13 13 13 7 183 Times Spotted 925 | . 12 . . 17 48 34 40 5 11 4 31 55 37 60 29 14 4 21 19 8 29 30 27 7 28 48 55 13 35 204 Peak Tracking Total 32 | . 4 . 9 4 6 6 6 3 4 4 6 12 12 13 6 4 2 7 3 3 5 4 8 4 4 7 7 3 6 32 Tactical Retreats 51 | . . . . 1 . 2 1 . . . 1 2 4 . 4 . . 1 . . 3 2 1 . 1 . 13 . 8 7 Traps | -11 -10 -10 -10 -9 -8 -8 -8 -8 -8 -7 -7 -7 -7 -6 -6 -5 -5 -5 -5 -5 -5 -4 -4 -4 -4 -3 -3 -2 -2 -2 ------- Run | Scr Mat Min Exi Min Mat Gar Mat Sto Gar Fac Gar Fac Gar Fac Gar Fac Was Fac Gar Fac Gar Fac Gar Fac Gar Res Tes Res Qua Sec Traps Triggered 81 | . 1 . . . . 8 . 1 . . 4 2 11 . 3 2 . 1 19 . 5 3 9 . 7 . 2 . 1 2 Indirectly . | . . . . . . . . . . . . . . . . . . . . . . . . . . . . . . . Trap Hack Attempts . | . . . . . . . . . . . . . . . . . . . . . . . . . . . . . . . Triggered . | . . . . . . . . . . . . . . . . . . . . . . . . . . . . . . . Disarmed . | . . . . . . . . . . . . . . . . . . . . . . . . . . . . . . . Reprogrammed . | . . . . . . . . . . . . . . . . . . . . . . . . . . . . . . . Reused . | . . . . . . . . . . . . . . . . . . . . . . . . . . . . . . . Traps Extracted . | . . . . . . . . . . . . . . . . . . . . . . . . . . . . . . . Installed . | . . . . . . . . . . . . . . . . . . . . . . . . . . . . . . . Triggered . | . . . . . . . . . . . . . . . . . . . . . . . . . . . . . . . Most Traps Carried 1 | . . . . 1 1 . . . . . . . . . . . . . . . . . . . . . . . . . Machines | -11 -10 -10 -10 -9 -8 -8 -8 -8 -8 -7 -7 -7 -7 -6 -6 -5 -5 -5 -5 -5 -5 -4 -4 -4 -4 -3 -3 -2 -2 -2 ---------- Run | Scr Mat Min Exi Min Mat Gar Mat Sto Gar Fac Gar Fac Gar Fac Gar Fac Was Fac Gar Fac Gar Fac Gar Fac Gar Res Tes Res Qua Sec Machines Disabled 114 | . . . 1 1 4 3 1 . . . 4 1 6 6 3 1 . 4 4 1 5 2 5 1 5 . 16 1 8 31 Max in Single Turn 14 | . . . 1 1 2 1 1 . . . 1 1 1 2 1 1 . 3 1 1 1 1 1 1 1 . 2 1 1 14 Garrison Access 2 | . . . . . . . . . . . . . . . . . . . . . . . . . . . 1 . 1 . Garrison Relay 27 | . . . . . . 3 . . . . 2 . 4 . 3 . . . 4 . 3 . 4 . 4 . . . . . Machines Sabotaged . | . . . . . . . . . . . . . . . . . . . . . . . . . . . . . . . Garrisons Compromised . | . . . . . . . . . . . . . . . . . . . . . . . . . . . . . . . Overloaded Fab Kills . | . . . . . . . . . . . . . . . . . . . . . . . . . . . . . . . Hacking | -11 -10 -10 -10 -9 -8 -8 -8 -8 -8 -7 -7 -7 -7 -6 -6 -5 -5 -5 -5 -5 -5 -4 -4 -4 -4 -3 -3 -2 -2 -2 --------- Run | Scr Mat Min Exi Min Mat Gar Mat Sto Gar Fac Gar Fac Gar Fac Gar Fac Was Fac Gar Fac Gar Fac Gar Fac Gar Res Tes Res Qua Sec Machines Accessed 82 | . 1 . 1 . 9 . 8 1 . 3 . 9 . 1 . 2 . 9 . 1 . 6 . 1 . 6 6 4 8 6 Terminals 55 | . 1 . . . 8 . 8 . . 1 . 5 . . . 1 . 6 . . . 3 . . . 5 5 1 5 6 Fabricators 4 | . . . . . . . . . . . . . . . . 1 . 1 . . . . . . . 1 . 1 . . Repair Stations 6 | . . . . . . . . . . 1 . 2 . . . . . 1 . . . 2 . . . . . . . . Recycling Units 2 | . . . . . . . . . . . . 1 . . . . . . . . . . . . . . . 1 . . Scanalyzers 3 | . . . . . . . . . . . . . . . . . . . . . . . . . . . . 1 2 . Garrison Access 11 | . . . . . 1 . . 1 . 1 . 1 . 1 . . . 1 . 1 . 1 . 1 . . 1 . 1 . Total Hacks 144 | . 3 . 1 . 15 . 24 1 . 4 . 16 . 1 . 4 . 16 . 1 . 13 . 1 . 9 11 4 13 7 Successful 61 | . 1 . 1 . 6 . 8 1 . 3 . 6 . 1 . 2 . 6 . 1 . 6 . 1 . 2 6 1 4 5 Failed 82 | . 1 . . . 9 . 16 . . 1 . 10 . . . 2 . 10 . . . 7 . . . 7 5 3 9 2 Catastrophic 25 | . . . . . 3 . 6 . . . . 4 . . . . . 3 . . . . . . . 4 2 1 2 . Database Lockouts 1 | . 1 . . . . . . . . . . . . . . . . . . . . . . . . . . . . . Manual 63 | . 3 . 1 . 9 . 15 . . 1 . 4 . . . 2 . 8 . . . 7 . . . 7 3 . 1 2 Terminals 105 | . 3 . . . 14 . 24 . . 1 . 8 . . . 2 . 13 . . . 7 . . . 8 9 1 8 7 Fabricators 5 | . . . . . . . . . . . . . . . . 2 . 1 . . . . . . . 1 . 1 . . Repair Stations 13 | . . . . . . . . . . 2 . 5 . . . . . 1 . . . 5 . . . . . . . . Recycling Units 3 | . . . . . . . . . . . . 2 . . . . . . . . . . . . . . . 1 . . Scanalyzers 4 | . . . . . . . . . . . . . . . . . . . . . . . . . . . . 1 3 . Garrison Access 13 | . . . . . 1 . . 1 . 1 . 1 . 1 . . . 1 . 1 . 1 . 1 . . 2 . 2 . Terminal Hacks 27 | . 1 . 1 . 5 . 7 . . . . . . . . . . 3 . . . . . . . 1 1 1 2 5 Record 1 | . . . . . . . . . . . . . . . . . . . . . . . . . . . . . 1 . Robot Analysis 6 | . 1 . . . 1 . 2 . . . . . . . . . . 2 . . . . . . . . . . . . Open Door 4 | . . . . . . . . . . . . . . . . . . . . . . . . . . . . . 1 3 Branch Access Points 3 | . . . . . 1 . . . . . . . . . . . . . . . . . . . . 1 . 1 . . Alert Level 1 | . . . . . 1 . . . . . . . . . . . . . . . . . . . . . . . . . Unreport Threat 5 | . . . . . 2 . 3 . . . . . . . . . . . . . . . . . . . . . . . Zone Layout 4 | . . . . . . . 2 . . . . . . . . . . 1 . . . . . . . . 1 . . . EX-Prototype ID Bank 1 | . . . 1 . . . . . . . . . . . . . . . . . . . . . . . . . . . Activate Exoskeleton 2 | . . . . . . . . . . . . . . . . . . . . . . . . . . . . . . 2 Fabricator Hacks 3 | . . . . . . . . . . . . . . . . 1 . 1 . . . . . . . 1 . . . . Network Status 1 | . . . . . . . . . . . . . . . . . . 1 . . . . . . . . . . . . Build 2 | . . . . . . . . . . . . . . . . 1 . . . . . . . . . 1 . . . . Repair Station Hacks 8 | . . . . . . . . . . 2 . 4 . . . . . . . . . 2 . . . . . . . . Scan Component 5 | . . . . . . . . . . 1 . 2 . . . . . . . . . 2 . . . . . . . . Repair 3 | . . . . . . . . . . 1 . 2 . . . . . . . . . . . . . . . . . . Recycling Unit Hacks 1 | . . . . . . . . . . . . 1 . . . . . . . . . . . . . . . . . . Retrieve Components 1 | . . . . . . . . . . . . 1 . . . . . . . . . . . . . . . . . . Scanalyzer . | . . . . . . . . . . . . . . . . . . . . . . . . . . . . . . . Garrison Access Hacks 13 | . . . . . 1 . . 1 . 1 . 1 . 1 . . . 1 . 1 . 1 . 1 . . 2 . 2 . Unlock Access 9 | . . . . . 1 . . 1 . 1 . 1 . 1 . . . 1 . 1 . 1 . 1 . . . . . . Seal Access 2 | . . . . . . . . . . . . . . . . . . . . . . . . . . . 1 . 1 . Coupler Status 2 | . . . . . . . . . . . . . . . . . . . . . . . . . . . 1 . 1 . Unauthorized Hacks 9 | . . . . . . . 1 . . . . . . . . 1 . 1 . . . 3 . . . . 3 . . . Terminals 9 | . . . . . . . 1 . . . . . . . . 1 . 1 . . . 3 . . . . 3 . . . Track 2 | . . . . . . . . . . . . . . . . . . . . . . . . . . . 2 . . . Botnet 7 | . . . . . . . 1 . . . . . . . . 1 . 1 . . . 3 . . . . 1 . . . Fabricators . | . . . . . . . . . . . . . . . . . . . . . . . . . . . . . . . Repair Stations . | . . . . . . . . . . . . . . . . . . . . . . . . . . . . . . . Recycling Units . | . . . . . . . . . . . . . . . . . . . . . . . . . . . . . . . Scanalyzers . | . . . . . . . . . . . . . . . . . . . . . . . . . . . . . . . Garrison Access . | . . . . . . . . . . . . . . . . . . . . . . . . . . . . . . . Data Cores Recovered 3 | . . . . . 2 . 1 . . . . . . . . . . . . . . . . . . . . . . . Used 3 | . . . . . 2 . 1 . . . . . . . . . . . . . . . . . . . . . . . Hacking Detections 65 | . 1 . . . 7 . 8 . . 2 . 8 . . . 1 . 9 . 1 . 5 . . . 4 6 4 6 3 Full Trace Events 1 | . . . . . . . . . . . . 1 . . . . . . . . . . . . . . . . . . Feedback Events 1 | . . . . . . . . . . . . 1 . . . . . . . . . . . . . . . . . . Corruption 1 | . . . . . . . . . . . . 1 . . . . . . . . . . . . . . . . . . Feedback Blocked . | . . . . . . . . . . . . . . . . . . . . . . . . . . . . . . . Robot Schematics Acquired 4 | . . . . . . . . . . . . . . . . . . . . . . . . . . . 2 . . 2 Robots Built 4 | . . . . . . . . . . . . . . . . 4 . . . . . . . . . . . . . . Authchips . | . . . . . . . . . . . . . . . . . . . . . . . . . . . . . . . Time 67 | . . . . . . . . . . . . . . . . 67 . . . . . . . . . . . . . . Total Robot Build Rating 16 | . . . . . . . . . . . . . . . . 16 . . . . . . . . . . . . . . Part Schematics Acquired 9 | . . . . . . . . . . . . . . . . . . . . . . . . . . . 5 . 2 2 Parts Built 1 | . . . . . . . . . . . . . . . . . . . . . . . . . . 1 . . . . Authchips . | . . . . . . . . . . . . . . . . . . . . . . . . . . . . . . . Time 64 | . . . . . . . . . . . . . . . . . . . . . . . . . . 64 . . . . Total Part Build Rating 8 | . . . . . . . . . . . . . . . . . . . . . . . . . . 8 . . . . Parts Repaired 3 | . . . . . . . . . . 1 . 2 . . . . . . . . . . . . . . . . . . Time 95 | . . . . . . . . . . 19 . 76 . . . . . . . . . . . . . . . . . . Parts Recycled . | . . . . . . . . . . . . . . . . . . . . . . . . . . . . . . . Recycled Matter . | . . . . . . . . . . . . . . . . . . . . . . . . . . . . . . . Retrieved Matter . | . . . . . . . . . . . . . . . . . . . . . . . . . . . . . . . Retrieved Components . | . . . . . . . . . . . . . . . . . . . . . . . . . . . . . . . Parts Scanalyzed . | . . . . . . . . . . . . . . . . . . . . . . . . . . . . . . . Part Schematics Acquired . | . . . . . . . . . . . . . . . . . . . . . . . . . . . . . . . Parts Damaged . | . . . . . . . . . . . . . . . . . . . . . . . . . . . . . . . Bothacking | -11 -10 -10 -10 -9 -8 -8 -8 -8 -8 -7 -7 -7 -7 -6 -6 -5 -5 -5 -5 -5 -5 -4 -4 -4 -4 -3 -3 -2 -2 -2 ------------ Run | Scr Mat Min Exi Min Mat Gar Mat Sto Gar Fac Gar Fac Gar Fac Gar Fac Was Fac Gar Fac Gar Fac Gar Fac Gar Res Tes Res Qua Sec Used RIF Installer 9 | . . . . . . 1 . . 1 . 1 . 1 . 1 . . . 1 . 1 . 1 . 1 . . . . . Coupler Efficiency 2 | . . . . . . . . . 1 . . . . . . . . . . . 1 . . . . . . . . . Command Fork 1 | . . . . . . . . . . . . . . . . . . . 1 . . . . . . . . . . . Threat Obfuscator 1 | . . . . . . . . . . . . . 1 . . . . . . . . . . . . . . . . . Signal Jammer 1 | . . . . . . . . . . . . . . . 1 . . . . . . . . . . . . . . . Robot Detection 1 | . . . . . . . . . . . 1 . . . . . . . . . . . . . . . . . . . Autooverride 2 | . . . . . . . . . . . . . . . . . . . . . . . 1 . 1 . . . . . Robots Hacked 144 | . . . . . . . . . . . 7 5 11 9 5 3 5 6 4 4 6 13 9 4 19 12 12 2 4 4 Non-combat 27 | . . . . . . . . . . . . . . 6 . 3 . . . 3 . 4 . . . 3 6 . 1 1 Combat 117 | . . . . . . . . . . . 7 5 11 3 5 . 5 6 4 1 6 9 9 4 19 9 6 2 3 3 Autooverrided 13 | . . . . . . . . . . . . . . . . . . . . . . . . 1 6 4 1 . . 1 Robot Hacks Applied 153 | . . . . . . . . . . . 8 5 11 11 5 4 5 8 4 6 6 22 9 3 13 10 13 2 5 3 parse_system 9 | . . . . . . . . . . . 1 . . 1 . 1 . 1 . . . 3 . . . . . . 2 . no_distress 1 | . . . . . . . . . . . . . . . . . . . . . . . . . . . 1 . . . generate_anomaly 1 | . . . . . . . . . . . . . . . . . . . . . . 1 . . . . . . . . generate_echo 1 | . . . . . . . . . . . . . . . . . . . . . . 1 . . . . . . . . map_walls 1 | . . . . . . . . . . . . . . . . . . . . 1 . . . . . . . . . . drop_inventory 10 | . . . . . . . . . . . . . . 2 . 1 . . . 2 . 2 . . . 1 2 . . . locate_stockpiles 1 | . . . . . . . . . . . . . . . . . . . . 1 . . . . . . . . . . ignore_parts 1 | . . . . . . . . . . . . . . . . . . . . . . . . . . . . . . 1 find_station 1 | . . . . . . . . . . . . . . 1 . . . . . . . . . . . . . . . . purge_threat 8 | . . . . . . . . . . . . . . 2 . 1 . . . . . . . . . 1 2 . 2 . locate_traps 1 | . . . . . . . . . . . . . . 1 . . . . . . . . . . . . . . . . block_reporting 3 | . . . . . . . . . . . . . . 1 . 1 . . . . . . . . . . 1 . . . map_route 4 | . . . . . . . . . . . . . . . . . . . . . . 2 . . . 1 1 . . . relay_feed 1 | . . . . . . . . . . . . . . . . . . . . . . 1 . . . . . . . . disable_scanner 5 | . . . . . . . . . . . . . . . . . . . . . . . . . . . 4 . 1 . locate_prototypes 1 | . . . . . . . . . . . . . . . . . . . . . . . . . . . 1 . . . ignore_targets 5 | . . . . . . . . . . . . . . . . . 5 . . . . . . . . . . . . . find_garrison 7 | . . . . . . . . . . . . 1 . 1 . . . 1 . 1 . 1 . 1 . 1 . . . . amplify_resonance 20 | . . . . . . . . . . . . 2 4 2 . . . 2 . . 3 3 . . 3 1 . . . . wipe_record 2 | . . . . . . . . . . . . . . . . . . 1 . . 1 . . . . . . . . . disable_weapons 2 | . . . . . . . . . . . 1 . . . . . . . . . . . . . 1 . . . . . reboot_system 1 | . . . . . . . . . . . . . . . . . . . . . . . 1 . . . . . . . go_dormant 1 | . . . . . . . . . . . . . . . . . . . . . . . . . . . . 1 . . overwrite_iff 22 | . . . . . . . . . . . 3 . 3 . 1 . . 1 . . 1 2 4 1 3 2 . 1 . . streamctrl_high 4 | . . . . . . . . . . . . 1 1 . 2 . . . . . . . . . . . . . . . formatsys_low 2 | . . . . . . . . . . . . . . . . . . . . . . 1 . . . . . . . 1 formatsys_high 38 | . . . . . . . . . . . 3 1 3 . 2 . . 2 4 1 1 5 4 1 6 3 1 . . 1 Relay Couplers Released 112 | . . . . . . 12 . . . . 6 . 17 . 13 . . . 18 . 12 . 13 . 17 4 . . . . Machine Destruction 108 | . . . . . . 12 . . . . 6 . 17 . 13 . . . 18 . 12 . 13 . 17 . . . . . Programmers 4 | . . . . . . . . . . . . . . . . . . . . . . . . . . 4 . . . . Attached 51 | . . . . . . . . . . . 4 2 4 2 3 1 . 2 4 1 2 7 3 2 4 6 2 . 2 . Fabnet Peak Effective % . | . . . . . . . . . . . . . . . . . . . . . . . . . . . . . . . Robots Rewired 16 | . . . . . . . . . . . 9 . 3 . . . . . 4 . . . . . . . . . . . Allies Hacked 1 | . . . . . . . . . . . . . . . . . . . . . . 1 . . . . . . . . Hacks Repelled . | . . . . . . . . . . . . . . . . . . . . . . . . . . . . . . . Allies | -11 -10 -10 -10 -9 -8 -8 -8 -8 -8 -7 -7 -7 -7 -6 -6 -5 -5 -5 -5 -5 -5 -4 -4 -4 -4 -3 -3 -2 -2 -2 -------- Run | Scr Mat Min Exi Min Mat Gar Mat Sto Gar Fac Gar Fac Gar Fac Gar Fac Was Fac Gar Fac Gar Fac Gar Fac Gar Res Tes Res Qua Sec Total Allies 104 | . . . . . . . . . . . 15 2 10 . 5 4 . 3 9 1 2 9 10 4 15 9 2 1 . 3 Largest Group 9 | . . . . . . . . . . . 6 1 3 . 2 4 . 2 8 9 1 3 4 3 3 3 1 1 . 1 Highest-Rated Group 376 | . . . . . . . . . . . 131 32 127 . 50 50 . 137 327 376 30 142 201 142 141 143 56 69 . 69 Highest-Rated Ally 137 | . . . . . . . . . . . 32 32 85 . 30 30 . 137 137 49 30 56 116 48 58 68 56 69 . 69 Total Orders 8 | . . . . . . . . . . . . 2 . . . . . . . 2 . 1 1 . . . . . . 2 STAY 3 | . . . . . . . . . . . . . . . . . . . . 1 . . . . . . . . . 2 ROAM 1 | . . . . . . . . . . . . . . . . . . . . . . . 1 . . . . . . . FOLLOW 4 | . . . . . . . . . . . . 2 . . . . . . . 1 . 1 . . . . . . . . Ally Attacks 499 | . . . . . . . . . . . 93 16 30 . 17 65 . 19 15 24 8 20 59 18 62 34 4 3 . 12 Total Damage 13937 | . . . . . . . . . . . 2222 401 459 . 413 824 . 1266 537 1064 253 675 1998 443 1625 1348 139 136 . 134 Kills 92 | . . . . . . . . . . . 15 3 9 . 3 4 . 7 2 6 2 4 17 2 9 7 . . . 2 Allies Corrupted 4 | . . . . . . . . . . . 1 . . . . 1 . . . . . . . . . 1 . . . 1 Allies Melted 1 | . . . . . . . . . . . . 1 . . . . . . . . . . . . . . . . . . Intel | -11 -10 -10 -10 -9 -8 -8 -8 -8 -8 -7 -7 -7 -7 -6 -6 -5 -5 -5 -5 -5 -5 -4 -4 -4 -4 -3 -3 -2 -2 -2 ------- Run | Scr Mat Min Exi Min Mat Gar Mat Sto Gar Fac Gar Fac Gar Fac Gar Fac Was Fac Gar Fac Gar Fac Gar Fac Gar Res Tes Res Qua Sec Robot Analysis Total 6 | . 1 . . . 1 . 2 . . . . . . . . . . 2 . . . . . . . . . . . . Derelict Logs Recovered 1 | . . . . 1 . . . . . . . . . . . . . . . . . . . . . . . . . . Drone Launches . | . . . . . . . . . . . . . . . . . . . . . . . . . . . . . . . Drone Recoveries . | . . . . . . . . . . . . . . . . . . . . . . . . . . . . . . . Exploration | -11 -10 -10 -10 -9 -8 -8 -8 -8 -8 -7 -7 -7 -7 -6 -6 -5 -5 -5 -5 -5 -5 -4 -4 -4 -4 -3 -3 -2 -2 -2 ------------- Run | Scr Mat Min Exi Min Mat Gar Mat Sto Gar Fac Gar Fac Gar Fac Gar Fac Was Fac Gar Fac Gar Fac Gar Fac Gar Res Tes Res Qua Sec Turns Passed 33448 | . 363 12 279 712 1233 1849 1165 97 300 688 1009 2223 1549 1244 1274 1125 278 1459 1239 347 829 1239 1132 69 1156 2144 2443 969 1663 3359 Spaces Moved 17871 | 1 205 11 230 492 735 757 743 58 192 455 543 1198 830 635 568 544 187 827 623 212 457 758 601 37 625 1008 1267 479 907 1686 Core 11 | . . . . . . . . . . . . . . . . . . . . . . . . . . . 11 . . . Treads 1113 | . 116 . . . . 505 . . . . . 60 . . 132 157 . . . . . . . . . 143 . . . . Legs 610 | 1 9 . . . . . . . . . . . . . . . . . . . . . . . . . . . . 600 Wheels 16137 | . 80 11 230 492 735 252 743 58 192 455 543 1138 830 635 436 387 187 827 623 212 457 758 601 37 625 865 1256 479 907 1086 Hover . | . . . . . . . . . . . . . . . . . . . . . . . . . . . . . . . Flight . | . . . . . . . . . . . . . . . . . . . . . . . . . . . . . . . Fastest Speed 30 | 120 100 120 120 120 105 115 120 125 120 120 120 116 120 120 125 131 146 138 123 135 135 117 119 122 122 105 100 119 119 30 Average Speed 138 | 120 142 120 120 120 111 199 121 125 121 131 139 140 143 138 159 176 146 146 137 135 135 123 122 122 125 148 143 143 133 124 Slowest Speed 1600 | 120 160 120 120 120 120 320 165 125 125 150 155 246 165 240 240 245 146 165 138 135 135 138 138 122 138 240 1600 180 163 320 Overloaded Moves . | . . . . . . . . . . . . . . . . . . . . . . . . . . . . . . . Propulsion Burnouts . | . . . . . . . . . . . . . . . . . . . . . . . . . . . . . . . Robots Hopped . | . . . . . . . . . . . . . . . . . . . . . . . . . . . . . . . Cave-ins Triggered 1 | . . . . . . . . . . . . . . . . . . . . . . . . . . . . . . 1 Teleports 2 | . . . . . . . . . . . . . . . . . . . . . . . . . . . . . . 2 Exploration Rate (%) 48 | 2 43 5 61 98 81 75 74 11 39 10 53 35 82 20 58 14 83 15 81 6 64 19 79 2 79 28 90 15 90 82 Regions Visited 30 Branch Regions 7 Pre-discovered Areas . | . . . . . . . . . . . . . . . . . . . . . . . . . . . . . . . Known Exits Taken 13 | . . . . . 1 . 1 1 . 1 . 1 . 1 . . . 1 . 1 . 1 . 1 . 1 1 1 . . Unknown Exits Taken 6 | 1 1 1 1 1 . . . . . . . . . . . . . . . . . . . . . . . . 1 . Scrap Searched 3 | . . . . 3 . . . . . . . . . . . . . . . . . . . . . . . . . . Spaces Dug 189 | . . . . . 2 . 2 . . 1 . 21 . 21 . . . 8 . . . . . . . 13 11 15 9 86 Terrain Destroyed 1722 | . 15 . . 19 37 21 13 . 63 1 29 77 6 106 57 6 . 57 3 4 2 4 2 . 4 39 219 114 177 647 Melee 49 | . . . . . 2 . 2 . . 1 . 6 . 3 . . . . . . . . . . . . 9 6 6 14 Projectile 275 | . . . . . . . . . . . . 19 6 17 . 1 . 8 . 4 2 4 2 . 4 39 9 19 65 76 AOE 1388 | . 15 . . 19 35 21 11 . 63 . 29 52 . 86 57 . . 47 . . . . . . . . 201 89 106 557 Terrain Rammed . | . . . . . . . . . . . . . . . . . . . . . . . . . . . . . . . Walls Destroyed . | . . . . . . . . . . . . . . . . . . . . . . . . . . . . . . . Machines Disabled . | . . . . . . . . . . . . . . . . . . . . . . . . . . . . . . . Actions | -11 -10 -10 -10 -9 -8 -8 -8 -8 -8 -7 -7 -7 -7 -6 -6 -5 -5 -5 -5 -5 -5 -4 -4 -4 -4 -3 -3 -2 -2 -2 --------- Run | Scr Mat Min Exi Min Mat Gar Mat Sto Gar Fac Gar Fac Gar Fac Gar Fac Was Fac Gar Fac Gar Fac Gar Fac Gar Res Tes Res Qua Sec Total 23826 | . 245 10 232 549 952 973 907 70 227 516 717 1540 1122 882 814 660 191 996 929 261 627 961 886 53 906 1426 1717 660 1206 2591 Wait 1925 | . . . . 9 27 45 71 5 2 23 22 139 72 86 110 19 . 83 23 17 55 66 77 8 130 150 111 65 80 430 Move 17848 | . 204 10 229 491 735 756 742 58 190 455 542 1198 829 635 567 544 186 827 622 212 456 758 600 36 624 1007 1266 478 906 1685 Hop . | . . . . . . . . . . . . . . . . . . . . . . . . . . . . . . . Pick Up 351 | . 6 . 1 5 22 19 5 . . 9 10 26 15 9 14 13 . 6 20 2 11 6 11 . 10 25 35 10 23 38 Fast Attach 238 | . 5 . . 1 6 17 4 . . 3 5 11 1 15 5 10 . 5 2 3 . 15 4 . . 21 48 4 20 33 Attach 227 | . . . . 1 5 12 3 . 1 1 6 17 11 9 12 3 . 4 4 . 3 4 8 . 7 19 30 10 17 40 Detach 120 | . 3 . . . 2 6 1 . . 1 3 4 4 9 1 4 . 3 2 1 . 6 3 . 1 5 26 3 3 29 Swap 331 | . 9 . . 4 25 8 10 1 11 4 17 25 11 22 11 9 . 10 15 5 5 17 25 2 5 25 12 7 18 18 Drop 381 | . 3 . 1 5 28 25 11 . 2 4 12 14 15 13 3 21 . 5 21 6 7 8 15 . 4 35 36 14 38 35 Fire 1505 | . 15 . 1 33 92 68 54 6 10 15 60 95 55 76 69 37 5 53 51 15 50 80 57 7 69 124 126 46 48 88 Melee 401 | . . . . . 10 . 6 . 11 1 6 11 17 6 4 . . . 11 . . 1 15 . . 15 25 23 53 186 Ram 7 | . . . . . . . . . . . . . 1 2 . . . . . . . . 1 . . . 2 . . 1 Kick 1 | . . . . . . . . . . . . . . . . . . . . . . . . . . . . . . 1 Crush . | . . . . . . . . . . . . . . . . . . . . . . . . . . . . . . . Escape Stasis 462 | . . . . . . 16 . . . . 32 . 65 . 18 . . . 158 . 40 . 70 . 56 . . . . 7 Rewire 29 | . . . . . . 1 . . . . 2 . 26 . . . . . . . . . . . . . . . . . Trap . | . . . . . . . . . . . . . . . . . . . . . . . . . . . . . . . Miscellaneous . | . . . . . . . . . . . . . . . . . . . . . . . . . . . . . . . Route ------- -11/Scrapyard -10/Materials (discovered 2 exits: [*Mat] / [*Min]) -10/Mines -10/Exiles (discovered 2 exits: [*Min x2]) -9/Mines (discovered 2 exits: *Mat x2) -8/Materials (discovered 5 exits: *Fac x2 / *Sto x2 / Gar) -8/Garrison (discovered 3 exits: *Mat x3) -8/Materials (discovered 4 exits: *Fac x3 / *Sto) -8/Storage -8/Garrison -7/Factory (discovered 2 exits: *Fac / Gar) -7/Garrison (discovered 2 exits: *Fac x2) -7/Factory (discovered 2 exits: *Fac / Gar) -7/Garrison (discovered 3 exits: *Fac x3) -6/Factory (discovered 2 exits: [*Low] / Gar) -6/Garrison (discovered 2 exits: *Fac x2) -5/Factory -5/Waste -5/Factory (discovered 3 exits: *Fac / [*Upp] / Gar) -5/Garrison (discovered 3 exits: *Fac x3) -5/Factory -5/Garrison (discovered 2 exits: *Fac x2) -4/Factory (discovered 2 exits: *Res / Gar) -4/Garrison (discovered 3 exits: *Fac x3) -4/Factory -4/Garrison (discovered 3 exits: *Res x3) -3/Research (discovered 4 exits: *Res / Arm / *Tes x2) -3/Testing -2/Research (discovered 3 exits: [*Acc] / *Qua x2) -2/Quarantine (discovered 2 exits: [*Acc] / *Sec) -2/Section 7 History --------- Turn | Location | Event 1 | -11/Scrapyard | Discovered new exit (range 0) 1 | -11/Scrapyard | Entered Materials 279 | -10/Materials | Discovered new exit (range 10) 282 | -10/Materials | Central database locked down 311 | -10/Materials | Build established: Mutant 339 | -10/Materials | Discovered new exit (range 9) 364 | -10/Materials | Entered Mines 365 | -10/Mines | Assembled infested the area 372 | -10/Mines | Deemed a non-threat by the Exiles lab entrance 372 | -10/Mines | Discovered new exit (range 5) 376 | -10/Mines | Entered Exiles 394 | -10/Exiles | Discovered new exit (range 15) 405 | -10/Exiles | Met 8R-AWN 426 | -10/Exiles | Met EX-HEX 460 | -10/Exiles | Met EX-BIN 475 | -10/Exiles | Aligned with FarCom system 476 | -10/Exiles | Given EX-Vault access code 504 | -10/Exiles | Opened EX-Vault 514 | -10/Exiles | Found AWS/Autocannon 540 | -10/Exiles | Warned to stay clear of 0b10 Research branches 576 | -10/Exiles | Met EX-DEC 626 | -10/Exiles | Attacked by the Exiles 645 | -10/Exiles | Discovered new exit (range 10) 655 | -10/Exiles | Left Exiles lab with AWS/Autocannon 655 | -10/Exiles | Entered Mines 689 | -9/Mines | Discovered new exit (range 7) 884 | -9/Mines | A weapon hastily lodged in a ceiling crevice suddenly fell to the ground 976 | -9/Mines | Discovered new exit (range 7) 977 | -9/Mines | Learned 2 Materials zone layouts 1261 | -9/Mines | Found a hidden stash of uninstalled traps 1367 | -9/Mines | Entered Materials 1367 | -8/Materials | Evolved 4 slots: Propulsion x1, Utility x2, Weapon x1 1368 | -8/Materials | Identified exit to Storage 1668 | -8/Materials | Build established: Gunner 1718 | -8/Materials | Discovered new exit (range 10) 2104 | -8/Materials | Discovered new exit (range 18) 2600 | -8/Materials | Identified exit to Garrison 2600 | -8/Materials | Entered Garrison 2648 | -8/Garrison | Triggered checkpoint 2699 | -8/Garrison | Triggered checkpoint 2699 | -8/Garrison | Triggered checkpoint 2750 | -8/Garrison | Destroyed 9 combat bots 2877 | -8/Garrison | Discovered new exit (range 10) 2928 | -8/Garrison | Triggered checkpoint 3005 | -8/Garrison | Spotted B-75 Beast 3068 | -8/Garrison | Triggered checkpoint 3071 | -8/Garrison | Core integrity fell below 50% 3078 | -8/Garrison | Destroyed B-75 Beast 3108 | -8/Garrison | Lost 5 parts (2p2n1w) 3357 | -8/Garrison | Discovered new exit (range 14) 3378 | -8/Garrison | Build established: Scavenger-Gunner 3403 | -8/Garrison | Installed Relay Interface Framework 3450 | -8/Garrison | Triggered checkpoint 3528 | -8/Garrison | Garrison Relay disabled 3754 | -8/Garrison | Triggered checkpoint 3842 | -8/Garrison | Garrison Relay disabled 4174 | -8/Garrison | Discovered new exit (range 14) 4190 | -8/Garrison | Triggered checkpoint 4225 | -8/Garrison | Garrison Relay disabled 4296 | -8/Garrison | Found Launcher Loader 4449 | -8/Garrison | Entered Materials 4731 | -8/Materials | Discovered new exit (range 9) 4937 | -8/Materials | Discovered new exit (range 13) 5126 | -8/Materials | Discovered new exit (range 8) 5417 | -8/Materials | Lost 3 parts (1n1u1w) 5443 | -8/Materials | Discovered exit to Storage (range 13) 5526 | -8/Materials | Core integrity fell below 20% 5614 | -8/Materials | Entered Storage 5711 | -8/Storage | Identified exit to Garrison 5711 | -8/Storage | Entered Garrison 5902 | -8/Garrison | Triggered checkpoint 5935 | -8/Garrison | Destroyed 7 combat bots 5976 | -8/Garrison | Discovered new exit (range 8) 5993 | -8/Garrison | Expanded RIF knowledge: Coupler Efficiency 6011 | -8/Garrison | Entered Factory 6011 | -7/Factory | Evolved 2 slots: Utility x2 6109 | -7/Factory | Discovered new exit (range 11) 6556 | -7/Factory | Build established: Bothacker-Tank 6647 | -7/Factory | Repaired Hrd. Medium Armor Plating 6699 | -7/Factory | Identified exit to Garrison 6699 | -7/Factory | Entered Garrison 6705 | -7/Garrison | Triggered checkpoint 6738 | -7/Garrison | Triggered checkpoint 6799 | -7/Garrison | Triggered checkpoint 7185 | -7/Garrison | Build established: Bothacker-Mutant 7194 | -7/Garrison | Triggered checkpoint 7204 | -7/Garrison | Triggered checkpoint 7316 | -7/Garrison | Triggered checkpoint 7336 | -7/Garrison | Garrison Relay disabled 7366 | -7/Garrison | Discovered new exit (range 13) 7451 | -7/Garrison | Triggered checkpoint 7461 | -7/Garrison | Triggered checkpoint 7580 | -7/Garrison | Triggered checkpoint 7602 | -7/Garrison | Garrison Relay disabled 7666 | -7/Garrison | Discovered new exit (range 13) 7695 | -7/Garrison | Expanded RIF knowledge: Robot Detection 7708 | -7/Garrison | Entered Factory 7708 | -7/Factory | Accompanied by 1 ally 8337 | -7/Factory | Repaired Mni. Grenade Launcher 8371 | -7/Factory | Repaired Lyr. Light Armor Plating 8471 | -7/Factory | Build established: Bothacker-Gunner 8679 | -7/Factory | Discovered new exit (range 5) 9004 | -7/Factory | Cargo convoy interrupted 9050 | -7/Factory | Destroyed 9 combat bots 9054 | -7/Factory | Lost 4 parts (2n2w) 9094 | -7/Factory | Build established: Bothacker-Mutant 9443 | -7/Factory | Lost 3 parts (1p2n) 9524 | -7/Factory | Core integrity fell below 50% 9558 | -7/Factory | Lost 3 parts (3n) 9931 | -7/Factory | Identified exit to Garrison 9931 | -7/Factory | Entered Garrison 10132 | -7/Garrison | Destroyed 10 combat bots 10238 | -7/Garrison | Triggered checkpoint 10243 | -7/Garrison | Garrison Relay disabled 10342 | -7/Garrison | Spotted B-75 Beast 10346 | -7/Garrison | Assimilated Beast 4a with formatsys_high 10398 | -7/Garrison | Triggered checkpoint 10498 | -7/Garrison | Garrison Relay disabled 10514 | -7/Garrison | Triggered checkpoint 10535 | -7/Garrison | Discovered new exit (range 12) 10603 | -7/Garrison | Triggered checkpoint 10676 | -7/Garrison | Discovered new exit (range 11) 10734 | -7/Garrison | Triggered checkpoint 10775 | -7/Garrison | Lost 3 parts (1p1n1u) 10793 | -7/Garrison | Discovered new exit (range 12) 10817 | -7/Garrison | Expanded RIF knowledge: Threat Obfuscation 10870 | -7/Garrison | Triggered checkpoint 10895 | -7/Garrison | Garrison Relay disabled 11052 | -7/Garrison | Triggered checkpoint 11070 | -7/Garrison | Core integrity fell below 20% 11090 | -7/Garrison | Garrison Relay disabled 11106 | -7/Garrison | Build established: Botlord-Mutant 11278 | -7/Garrison | Triggered checkpoint 11480 | -7/Garrison | Entered Factory 11480 | -6/Factory | Evolved 2 slots: Utility x2 11707 | -6/Factory | Discovered new exit (range 9) 11830 | -6/Factory | First assault squad dispatched 12222 | -6/Factory | Spotted B-75 Beast 12660 | -6/Factory | Cargo convoy interrupted 12723 | -6/Factory | System corruption reached 10% 12724 | -6/Factory | Identified exit to Garrison 12724 | -6/Factory | Entered Garrison 12747 | -6/Garrison | Lost 4 parts (1p1n2u) 12766 | -6/Garrison | Triggered checkpoint 12814 | -6/Garrison | Lost 4 parts (1n3u) 12829 | -6/Garrison | Garrison Relay disabled 12918 | -6/Garrison | Triggered checkpoint 13039 | -6/Garrison | Core integrity fell below 50% 13069 | -6/Garrison | Lost 4 parts (1n1u2w) 13242 | -6/Garrison | Build established: Botlord-Tank 13396 | -6/Garrison | Discovered new exit (range 12) 13500 | -6/Garrison | Triggered checkpoint 13526 | -6/Garrison | Garrison Relay disabled 13764 | -6/Garrison | Triggered checkpoint 13856 | -6/Garrison | Garrison Relay disabled 13943 | -6/Garrison | Discovered new exit (range 12) 13989 | -6/Garrison | Expanded RIF knowledge: Signal Jamming 13990 | -6/Garrison | Build established: Botlord-Mutant 13998 | -6/Garrison | Entered Factory 13998 | -5/Factory | Accompanied by 2 allies 13998 | -5/Factory | Evolved 2 slots: Power x1, Utility x1 14521 | -5/Factory | Fabricated S-27 Virus (x4) 15076 | -5/Factory | Build established: Botlord-Tank 15123 | -5/Factory | Sucked down chute 15123 | -5/Factory | Entered Waste 15159 | -5/Waste | Spotted C-40 Crusher 15161 | -5/Waste | Spotted C-40 Crusher 15164 | -5/Waste | Spotted C-40 Crusher 15170 | -5/Waste | Spotted C-40 Crusher 15203 | -5/Waste | Spotted C-40 Crusher 15207 | -5/Waste | Spotted C-40 Crusher 15226 | -5/Waste | Discovered new exit (range 13) 15396 | -5/Waste | Build established: Botlord-Mutant 15401 | -5/Waste | Entered Factory 16707 | -5/Factory | Discovered new exit (range 12) 16814 | -5/Factory | Build established: Botlord-Gunner 16841 | -5/Factory | Discovered new exit (range 8) 16860 | -5/Factory | Identified exit to Garrison 16860 | -5/Factory | Entered Garrison 16860 | -5/Garrison | Accompanied by 1 ally 16893 | -5/Garrison | Triggered checkpoint 16952 | -5/Garrison | Garrison Relay disabled 17007 | -5/Garrison | Spotted B-75 Beast 17013 | -5/Garrison | Assimilated Beast 6a with formatsys_high 17018 | -5/Garrison | Triggered checkpoint 17035 | -5/Garrison | Triggered checkpoint 17039 | -5/Garrison | Triggered checkpoint 17177 | -5/Garrison | Discovered new exit (range 10) 17330 | -5/Garrison | Triggered checkpoint 17379 | -5/Garrison | Garrison Relay disabled 17417 | -5/Garrison | Discovered new exit (range 10) 17436 | -5/Garrison | Expanded RIF knowledge: Command Fork 17551 | -5/Garrison | Triggered checkpoint 17584 | -5/Garrison | Garrison Relay disabled 17714 | -5/Garrison | Triggered checkpoint 17781 | -5/Garrison | Triggered checkpoint 17847 | -5/Garrison | Garrison Relay disabled 17904 | -5/Garrison | Build established: Botlord-Mutant 17974 | -5/Garrison | Discovered new exit (range 4) 18099 | -5/Garrison | Entered Factory 18099 | -5/Factory | Accompanied by 8 allies 18446 | -5/Factory | Identified exit to Garrison 18446 | -5/Factory | Entered Garrison 18446 | -5/Garrison | Accompanied by 1 ally 18524 | -5/Garrison | Triggered checkpoint 18564 | -5/Garrison | Garrison Relay disabled 18640 | -5/Garrison | Triggered checkpoint 18666 | -5/Garrison | Triggered checkpoint 18776 | -5/Garrison | Triggered checkpoint 18816 | -5/Garrison | Garrison Relay disabled 18873 | -5/Garrison | Discovered new exit (range 15) 18950 | -5/Garrison | Triggered checkpoint 19007 | -5/Garrison | Discovered new exit (range 9) 19026 | -5/Garrison | Expanded RIF knowledge: Coupler Efficiency 19060 | -5/Garrison | Triggered checkpoint 19087 | -5/Garrison | Garrison Relay disabled 19275 | -5/Garrison | Entered Factory 19275 | -4/Factory | Evolved 2 slots: Propulsion x1, Utility x1 19483 | -4/Factory | Spotted B-86 Titan 19517 | -4/Factory | Destroyed B-86 Titan 20195 | -4/Factory | System corruption reached 10% 20259 | -4/Factory | Lost 3 parts (1n2u) 20269 | -4/Factory | Discovered new exit (range 15) 20514 | -4/Factory | Identified exit to Garrison 20514 | -4/Factory | Entered Garrison 20514 | -4/Garrison | Accompanied by 2 allies 20556 | -4/Garrison | Triggered checkpoint 20797 | -4/Garrison | Lost 4 parts (2p1n1u) 20837 | -4/Garrison | Triggered checkpoint 20853 | -4/Garrison | Spotted B-86 Titan 20886 | -4/Garrison | Assimilated Titan 7a with formatsys_high 20976 | -4/Garrison | Triggered checkpoint 20991 | -4/Garrison | Garrison Relay disabled 21128 | -4/Garrison | Triggered checkpoint 21179 | -4/Garrison | Discovered new exit (range 12) 21203 | -4/Garrison | Expanded RIF knowledge: Autooverride 21308 | -4/Garrison | Discovered new exit (range 12) 21382 | -4/Garrison | Triggered checkpoint 21402 | -4/Garrison | Garrison Relay disabled 21556 | -4/Garrison | Triggered checkpoint 21583 | -4/Garrison | Garrison Relay disabled 21636 | -4/Garrison | Discovered new exit (range 9) 21646 | -4/Garrison | Entered Factory 21646 | -4/Factory | Accompanied by 1 ally 21714 | -4/Factory | Identified exit to Garrison 21715 | -4/Factory | Entered Garrison 21715 | -4/Garrison | Accompanied by 1 ally 21738 | -4/Garrison | Triggered checkpoint 21772 | -4/Garrison | Garrison Relay disabled 21858 | -4/Garrison | Triggered checkpoint 21873 | -4/Garrison | Triggered checkpoint 21945 | -4/Garrison | Triggered checkpoint 21980 | -4/Garrison | Lost 3 parts (2u1w) 21990 | -4/Garrison | Triggered checkpoint 22080 | -4/Garrison | Triggered checkpoint 22183 | -4/Garrison | Garrison Relay disabled 22267 | -4/Garrison | Discovered new exit (range 10) 22435 | -4/Garrison | Garrison Relay disabled 22443 | -4/Garrison | Triggered checkpoint 22486 | -4/Garrison | Discovered new exit (range 10) 22494 | -4/Garrison | Triggered checkpoint 22665 | -4/Garrison | Discovered new exit (range 15) 22699 | -4/Garrison | Expanded RIF knowledge: Autooverride 22758 | -4/Garrison | Triggered checkpoint 22775 | -4/Garrison | Garrison Relay disabled 22871 | -4/Garrison | Entered Research 22871 | -3/Research | Accompanied by 2 allies 22871 | -3/Research | Evolved 2 slots: Utility x2 23046 | -3/Research | Lost 3 parts (1n1u1w) 23245 | -3/Research | Found Prototype Launcher 23273 | -3/Research | Identified Com. Tesla Bomb Launcher 23604 | -3/Research | Discovered new exit (range 12) 23759 | -3/Research | Identified exit to Research 24127 | -3/Research | Discovered new exit (range 108) 24179 | -3/Research | Lost 3 parts (2n1w) 24295 | -3/Research | Fabricated Enh. Force Lance (x1) 24718 | -3/Research | Identified exit to Armory 24718 | -3/Research | Identified exit to Testing 24911 | -3/Research | System corruption reached 10% 24986 | -3/Research | Garrison activated, responded to threat 24991 | -3/Research | Core integrity fell below 50% 25011 | -3/Research | Lost 10 parts (2p1n4u3w) 25015 | -3/Research | Entered Testing 25158 | -3/Testing | Found Prototype Energy Cannon 25172 | -3/Testing | Identified Null Cannon 25303 | -3/Testing | Found Imp. Potential Cannon 25368 | -3/Testing | Lost 9 parts (1p5n2u1w) 25735 | -3/Testing | Lost 3 parts (3n) 25986 | -3/Testing | Found Warp Gun 26060 | -3/Testing | Spotted Striker 26060 | -3/Testing | Spotted Striker 26117 | -3/Testing | Found Prototype Launcher 26134 | -3/Testing | Found Prototype Energy Cannon 26134 | -3/Testing | Identified Cld. Nova Cannon 26377 | -3/Testing | Spotted Alpha 7 26379 | -3/Testing | Core integrity fell below 20% 26385 | -3/Testing | Destroyed Striker 26392 | -3/Testing | Destroyed Striker 26401 | -3/Testing | Destroyed Alpha 7 26429 | -3/Testing | Lost 6 parts (2p2n2u) 26438 | -3/Testing | Stole the SGEMP Prototype 26540 | -3/Testing | System corruption reached 30% 26551 | -3/Testing | Found Prototype Processor 26551 | -3/Testing | Identified Spectral Analyzer 26607 | -3/Testing | Found Prototype Launcher 26607 | -3/Testing | Identified Mni. Smartbomb Launcher 26678 | -3/Testing | Found Mni. Smartbomb Launcher 26849 | -3/Testing | Found Portable AFG 26911 | -3/Testing | Found Prototype Hackware 27140 | -3/Testing | Found Prototype Device 27140 | -3/Testing | Identified Exp. Hardlight Generator 27187 | -3/Testing | Discovered exit to Research (range 21) 27216 | -3/Testing | Found Prototype Protection 27216 | -3/Testing | Identified Lgt. Regenerative Plating 27222 | -3/Testing | Found Prototype Protection 27222 | -3/Testing | Identified SHELL Armor 27314 | -3/Testing | Found Prototype Energy Cannon 27314 | -3/Testing | Identified Hpw. Disruptor Cannon 27393 | -3/Testing | Found Prototype Energy Cannon 27393 | -3/Testing | Identified Disintegrator 27458 | -3/Testing | Entered Research 27458 | -2/Research | Evolved 2 slots: Utility x2 27471 | -2/Research | Found Prototype Processor 27883 | -2/Research | Identified exit to Quarantine 27967 | -2/Research | Discovered new exit (range 5) 28331 | -2/Research | Spotted B-90 Cyclops 28427 | -2/Research | Entered Quarantine 28607 | -2/Quarantine | Found Alien Artifact 28625 | -2/Quarantine | Found Alien Artifact 28681 | -2/Quarantine | Discovered new exit (range 9) 28897 | -2/Quarantine | Found Alien Slashing Weapon 28897 | -2/Quarantine | Identified Sigix Broadsword 29098 | -2/Quarantine | Found Sigix Corpse 29206 | -2/Quarantine | Identified Tactical Quantum Warhead 29217 | -2/Quarantine | Found Alien Energy Cannon 29217 | -2/Quarantine | Identified Core Cannon 29247 | -2/Quarantine | Spotted Alpha 7 29296 | -2/Quarantine | Destroyed Alpha 7 29307 | -2/Quarantine | Found Alien Launcher 29307 | -2/Quarantine | Identified Sigix Terminator 29379 | -2/Quarantine | System corruption reached 10% 29605 | -2/Quarantine | Found Alien Reactor 29605 | -2/Quarantine | Identified Matter Drive 29734 | -2/Quarantine | Destroyed 7 combat bots 29938 | -2/Quarantine | Identified Terrabomb (x2) 29938 | -2/Quarantine | Used Terrabomb 29973 | -2/Quarantine | Spotted Fortress 30084 | -2/Quarantine | Discovered new exit (range 5) 30090 | -2/Quarantine | Entered Section 7 30396 | -2/Section 7 | Found Alien Artifact 30699 | -2/Section 7 | Found Alien Artifact 30924 | -2/Section 7 | Identified Integrity Redistributor 30924 | -2/Section 7 | Identified Microwarp Drive 30934 | -2/Section 7 | Found Integrated Reactor 30937 | -2/Section 7 | Installed Integrated Reactor, increased core energy generation (+10) 31138 | -2/Section 7 | First assault squad dispatched 31275 | -2/Section 7 | Destroyed 9 combat bots 31343 | -2/Section 7 | Build established: Botlord-Gladiator 31350 | -2/Section 7 | Spotted Alpha 7 31350 | -2/Section 7 | Spotted Alpha 7 31498 | -2/Section 7 | Destroyed Alpha 7 31537 | -2/Section 7 | Destroyed Alpha 7 31549 | -2/Section 7 | Found Prototype Processor 31549 | -2/Section 7 | Identified Exp. Target Analyzer 31741 | -2/Section 7 | Spotted B-99 Colossus 31804 | -2/Section 7 | Spotted Executioner 31804 | -2/Section 7 | Spotted Executioner 31844 | -2/Section 7 | Destroyed Executioner 31859 | -2/Section 7 | Destroyed Executioner 31876 | -2/Section 7 | Found Prototype Processor 31876 | -2/Section 7 | Identified Exp. Targeting Computer 31880 | -2/Section 7 | Found Prototype Processor 31880 | -2/Section 7 | Identified Exp. Core Analyzer 31882 | -2/Section 7 | Lost 3 parts (1p2n) 31905 | -2/Section 7 | Found Alien Artifact 31976 | -2/Section 7 | Spotted Striker 31977 | -2/Section 7 | Spotted Striker 32013 | -2/Section 7 | Spotted Executioner 32031 | -2/Section 7 | Spotted Executioner 32269 | -2/Section 7 | Core integrity fell below 50% 32538 | -2/Section 7 | Crushed by falling debris 32539 | -2/Section 7 | System corruption reached 30% 32664 | -2/Section 7 | Found Alien Artifact 32664 | -2/Section 7 | Identified LRC Boosters 32664 | -2/Section 7 | Installed LRC Boosters, increased mass support (+10) 32688 | -2/Section 7 | Found LRC Boosters 32688 | -2/Section 7 | Installed LRC Boosters, increased mass support (+10) 32691 | -2/Section 7 | Found Alien Artifact 32691 | -2/Section 7 | Identified LRC Insulator 32691 | -2/Section 7 | Installed LRC Insulator, gained EM resistance (25) 32880 | -2/Section 7 | Found Alien Artifact 32880 | -2/Section 7 | Identified Core Reset Matrix 32880 | -2/Section 7 | Identified Transdimensional Reconstructor 32880 | -2/Section 7 | Used Core Reset Matrix 32884 | -2/Section 7 | Sensed 13 artifacts in vicinity 33096 | -2/Section 7 | Integrated with Sigix Exoskeleton 33171 | -2/Section 7 | Scanned by Researcher 33172 | -2/Section 7 | Intercept squad dispatched 33189 | -2/Section 7 | Spotted Tracker 33189 | -2/Section 7 | Spotted Tracker 33208 | -2/Section 7 | Destroyed Tracker 33213 | -2/Section 7 | Destroyed Executioner 33233 | -2/Section 7 | Spotted Combat Programmer 33236 | -2/Section 7 | Spotted Combat Programmer 33238 | -2/Section 7 | Destroyed Executioner 33240 | -2/Section 7 | Destroyed Tracker 33249 | -2/Section 7 | Destroyed Combat Programmer 33257 | -2/Section 7 | Destroyed Combat Programmer 33263 | -2/Section 7 | Spotted Striker 33275 | -2/Section 7 | Sigix Exoskeleton integrity reduced to 80% 33291 | -2/Section 7 | Found Transdimensional Reconstructor 33292 | -2/Section 7 | Found Transdimensional Reconstructor 33292 | -2/Section 7 | Warped through subspace 33308 | -2/Section 7 | Spotted Executioner 33308 | -2/Section 7 | Spotted Executioner 33311 | -2/Section 7 | Spotted Investigator 33317 | -2/Section 7 | Warped through subspace 33318 | -2/Section 7 | Core integrity fell below 20% 33338 | -2/Section 7 | Found Terrabomb 33339 | -2/Section 7 | Found Terrabomb 33339 | -2/Section 7 | Used Terrabomb 33352 | -2/Section 7 | Used Terrabomb 33359 | -2/Section 7 | Fired Sigix Terminator 33359 | -2/Section 7 | Destroyed Executioner 33359 | -2/Section 7 | Destroyed Investigator 33364 | -2/Section 7 | Spotted S7 Guard 33371 | -2/Section 7 | Found Core Physics Calibrator 33374 | -2/Section 7 | Sigix Exoskeleton integrity reduced to 60% 33380 | -2/Section 7 | Destroyed 21 combat bots 33392 | -2/Section 7 | Build established: Alien-Sigix 33449 | -2/Section 7 | Destroyed by G-73 Enforcer with Heavy Laser Last Messages --------------- 33393_ W-44 Eye sends out distress signal. 33407_ System corrupted: Energy discharge (-171). 33408_ Triggered Blade Trap. 33408_ Massive razor-sharp blades shoot up from within the floor. 33409_ Destroyed Unknown Flight Unit. 33409_ C-57 Dissector destroyed. 33415_ ALERT: Heavy assault forces dispatched. 33425_ Acquired 70 matter. 33434_ C-30 ARC bursts open, deploying its payload. 33434_ G-73 Enforcer unfolds itself. 33436_ C-30 ARC bursts open, deploying its payload. 33436_ G-73 Enforcer unfolds itself. 33436_ B-74 Champion unfolds itself. 33436_ G-73 Enforcer unfolds itself. 33436_ I-47 Archangel unfolds itself. 33437_ E GP&0D|T57 QJN8,X&0Q29MGPQFP2 33440_ C-57 Dissector destroyed. [Achievement: 50k Club] [Achievement: Torch] [Achievement: Overachiever] Map ----- +----------------------------------------------------+ | | | | | | | | | | | | | | | | | | | | | ??#??#?############################??????????????? | | "####################################????????????? | | "#####################################???????????? | | ##################################??????????? | | ###################################?????????? | | """ ##################################?????????? | | """ ####################################????????? | | """ # ###########################???????? | | # ###########################???????? | | """ # """"" ###########################???????? | | """ # ""!"" + ######## #######??????? | | """ # """ ### ######## "S """ #######??????? | | # ### ######## """ """ # ??????? | | + ###+######## "" """ # ??????? | | # + !gg ## # ??????? | | ###########+#### """ !"" X;! # ?????? | | % # """ e"""## # ##??????# | | # """bg T"## # # ????? | | C/ p g l"""########+### # ?????"" | | # g "" ##### = # ?????"" | | %###+###### # ###BB # ????""" | | %# ## C#] YC ###BB #????? | | # ""## ###C########### #????? * | | # ""## "CC h #????? | | # T"## "%" """ """ ?????? | | # ""## " """ """ ??????#### | | # """ ""## """ """ ???????"T" | | # """ #########+########### Y n ???????? | | # """ ##### ######## ""????????? == | | ############# """ ######## "????????? == | | % # # """ ######## "" ???????????? == | | # + """ ######## ""????????????? | | + # """ ######## ????????????????### | | # # """ # ???????????????????### | | # # =# """ # ??????????????????##### | | # #! # """ # ???????????????????######" | | # /% ###### #??????????????????########" | | # ^ ##+##############?#??#???#??#??#?+#+########" | | # ! # ## ## ####" | | # # """ ## """ """ ## ####" | +----------------------------------------------------+ Best States ------------- Heat Dissipation 103 Coolant Potential 100 Energy Generation 66 Energy Capacity 1650 Matter Stores 300 Matter Capacity 300 Sight Range 24 Terrain Scan Range 20 Terrain Scan Density 210 Jamming Range 16 EM Shielding 4 Corruption Block 20 Armor Coverage 1275 Resistance: KI 50 Resistance: TH 50 Resistance: EX 50 Resistance: EM 75 Resistance: I 50 Resistance: S 50 Resistance: P 50 Weapon Shielding 33 Melee Speed Boost 30 Phase Shifting 5 Evasion (%) 69 Targeting Accuracy 12 Melee Accuracy 8 Target Analysis 10 Core Analysis 8 Armor Integrity Analysis 30 Recoil Reduction 4 Energy Filtering 30 Particle Charging 20 Salvage Targeting 2 Relay Coupler Types 7 Relay Coupler Value 186 Item Schematics ----------------- Tri-rail Accelerator | -2/Section 7 | Archive Imp. Energy Well | -2/Section 7 | Archive Robot Schematics ------------------ S-43 Plague | -2/Section 7 | Archive C-65 Expert | -2/Section 7 | Archive Fabricated ------------ S-27 Virus | x4 | -5/Factory | Preloaded Enh. Force Lance | x1 | -3/Research | Preloaded Alien Tech Used ----------------- Sigix Broadsword Core Cannon Sigix Terminator Matter Drive Terrabomb Integrated Reactor LRC Boosters LRC Insulator Core Reset Matrix Sigix Exoskeleton Sigix Sheargun Transdimensional Reconstructor Core Physics Calibrator Achievements -------------- 50k Club Hard Hitter Killing Spree Max Potential Nope Overachiever Signature Confirmed Torch Challenges ------------ None Game ------ Seed DispersionHeavyBroadsword Manual? 0 Play Time 09:45:18 Cumulative 204.4 hours Start 2022.04.06 @ 20:14:39 End 2022.06.06 @ 18:10:26 Sessions 29 Manual Loads 0 Difficulty Rogue Special Mode None Game No. 66 Rogue 66 Adventurer 0 Explorer 0 Win Type - Total 5 Types 4/0/0/1/0/0/0/0/0 Lore% 55 Gallery% 70 Achievement% 52 Wizard Run 0 Options --------- ASCII 0 Keyboard 1 Movement Vi Keybinds 0 Fullscreen 1 Font 18/SmallcapsGlow Map View 76x50 Tactical HUD 1 Map Filters NONE Filters NONE Steam 1 RUN: 40ab51e0-3308-4e8a-8767-90942bab1471